Workbook

Sheet MAESTRO
A1: NRO. | B1: PRECEDENCIA | C1: CRITERIO DE ORDEN | D1: FUENTE | E1: TRATAMIENTO | F1: TRIBUNA | G1: NOMBRE COMPLETO | H1: NOMBRE | I1: APELLIDO P | J1: APELLIDO M | K1: ASISTENCIA | L1: CARGO | M1: OBSERVACIONES | N1: PRECEDENCIA NUM | O1: DISTRIBUIR | P1: ORDEN ASIGNACION | Q1: UBICACION
A2: =ROW()-1 | B2: 1 | C2: Presidente de la República, precedencia nacional | D2: OPA | E2: Su Excelencia | F2: VIP | G2: Kast Rist, José Antonio | H2: José Antonio | I2: Kast | J2: Rist | K2: Pendiente | L2: Presidente de la República | N2: =IFERROR(VALUE(B2),9999) | O2: =IF(AND(G2<>"",K2<>"NO",OR(PARAMETROS!$B$2="TODAS",F2=PARAMETROS!$B$2),OR(PARAMETROS!$B$3="SI y Pendiente",K2="SI")),"SI","NO") | P2: =IF(O2="SI",COUNTIFS($O:$O,"SI",$N:$N,"<"&N2)+COUNTIFS($O:$O,"SI",$N:$N,N2,$A:$A,"<="&A2),"") | Q2: =IF(O2="SI",IFERROR(INDEX('MAPA ASIENTOS'!$D:$D,MATCH(P2,'MAPA ASIENTOS'!$A:$A,0)),"SIN ASIGNAR"),"")
A3: =ROW()-1 | B3: 1.1 | C3: Acompañante anclada inmediatamente posterior al Presidente | D3: OPA | E3: Primera Dama | F3: VIP | G3: Adriasola Barroihet, María Pía | H3: María Pía | I3: Adriasola | J3: Barroihet | K3: Pendiente | L3: Esposa del Presidente de la República | N3: =IFERROR(VALUE(B3),9999) | O3: =IF(AND(G3<>"",K3<>"NO",OR(PARAMETROS!$B$2="TODAS",F3=PARAMETROS!$B$2),OR(PARAMETROS!$B$3="SI y Pendiente",K3="SI")),"SI","NO") | P3: =IF(O3="SI",COUNTIFS($O:$O,"SI",$N:$N,"<"&N3)+COUNTIFS($O:$O,"SI",$N:$N,N3,$A:$A,"<="&A3),"") | Q3: =IF(O3="SI",IFERROR(INDEX('MAPA ASIENTOS'!$D:$D,MATCH(P3,'MAPA ASIENTOS'!$A:$A,0)),"SIN ASIGNAR"),"")
A4: =ROW()-1 | B4: 1.1 | C4: Precedencia nacional / agrupación por cargo | D4: OPA | F4: VIP | G4: Morel Montes, María Cecilia | H4: María Cecilia | I4: Morel | J4: Montes | K4: Pendiente | L4: Ex - Primera Dama | N4: =IFERROR(VALUE(B4),9999) | O4: =IF(AND(G4<>"",K4<>"NO",OR(PARAMETROS!$B$2="TODAS",F4=PARAMETROS!$B$2),OR(PARAMETROS!$B$3="SI y Pendiente",K4="SI")),"SI","NO") | P4: =IF(O4="SI",COUNTIFS($O:$O,"SI",$N:$N,"<"&N4)+COUNTIFS($O:$O,"SI",$N:$N,N4,$A:$A,"<="&A4),"") | Q4: =IF(O4="SI",IFERROR(INDEX('MAPA ASIENTOS'!$D:$D,MATCH(P4,'MAPA ASIENTOS'!$A:$A,0)),"SIN ASIGNAR"),"")
A5: =ROW()-1 | B5: 2 | C5: Coincidencia exacta PDF: Presidenta del Senado | D5: OPA | E5: Honorable Senador | F5: VIP | G5: Núñez Urrutia, Paulina | H5: Paulina | I5: Núñez | J5: Urrutia | K5: Pendiente | L5: Presidenta del Senado | N5: =IFERROR(VALUE(B5),9999) | O5: =IF(AND(G5<>"",K5<>"NO",OR(PARAMETROS!$B$2="TODAS",F5=PARAMETROS!$B$2),OR(PARAMETROS!$B$3="SI y Pendiente",K5="SI")),"SI","NO") | P5: =IF(O5="SI",COUNTIFS($O:$O,"SI",$N:$N,"<"&N5)+COUNTIFS($O:$O,"SI",$N:$N,N5,$A:$A,"<="&A5),"") | Q5: =IF(O5="SI",IFERROR(INDEX('MAPA ASIENTOS'!$D:$D,MATCH(P5,'MAPA ASIENTOS'!$A:$A,0)),"SIN ASIGNAR"),"")
A6: =ROW()-1 | B6: 4 | C6: Coincidencia exacta PDF: Presidente de la Cámara de Diputados | D6: OPA | E6: Honorable Diputado | F6: VIP | G6: Alessandri Vergara, Jorge | H6: Jorge | I6: Alessandri | J6: Vergara | K6: NO | L6: Presidente de la Cámara de Diputados | N6: =IFERROR(VALUE(B6),9999) | O6: =IF(AND(G6<>"",K6<>"NO",OR(PARAMETROS!$B$2="TODAS",F6=PARAMETROS!$B$2),OR(PARAMETROS!$B$3="SI y Pendiente",K6="SI")),"SI","NO") | P6: =IF(O6="SI",COUNTIFS($O:$O,"SI",$N:$N,"<"&N6)+COUNTIFS($O:$O,"SI",$N:$N,N6,$A:$A,"<="&A6),"") | Q6: =IF(O6="SI",IFERROR(INDEX('MAPA ASIENTOS'!$D:$D,MATCH(P6,'MAPA ASIENTOS'!$A:$A,0)),"SIN ASIGNAR"),"")
A7: =ROW()-1 | B7: 5 | C7: Coincidencia exacta PDF: Ex Presidenta de la República | D7: OPA | F7: VIP | G7: Bachelet Jeria, Michelle | H7: Michelle | I7: Bachelet | J7: Jeria | K7: Pendiente | L7: Ex Presidenta de la República | N7: =IFERROR(VALUE(B7),9999) | O7: =IF(AND(G7<>"",K7<>"NO",OR(PARAMETROS!$B$2="TODAS",F7=PARAMETROS!$B$2),OR(PARAMETROS!$B$3="SI y Pendiente",K7="SI")),"SI","NO") | P7: =IF(O7="SI",COUNTIFS($O:$O,"SI",$N:$N,"<"&N7)+COUNTIFS($O:$O,"SI",$N:$N,N7,$A:$A,"<="&A7),"") | Q7: =IF(O7="SI",IFERROR(INDEX('MAPA ASIENTOS'!$D:$D,MATCH(P7,'MAPA ASIENTOS'!$A:$A,0)),"SIN ASIGNAR"),"")
A8: =ROW()-1 | B8: 5 | C8: Coincidencia exacta PDF: Ex Presidente de la República | D8: OPA | F8: VIP | G8: Frei Ruiz-tagle, Eduardo | H8: Eduardo | I8: Frei | J8: Ruiz-tagle | K8: Pendiente | L8: Ex Presidente de la República | N8: =IFERROR(VALUE(B8),9999) | O8: =IF(AND(G8<>"",K8<>"NO",OR(PARAMETROS!$B$2="TODAS",F8=PARAMETROS!$B$2),OR(PARAMETROS!$B$3="SI y Pendiente",K8="SI")),"SI","NO") | P8: =IF(O8="SI",COUNTIFS($O:$O,"SI",$N:$N,"<"&N8)+COUNTIFS($O:$O,"SI",$N:$N,N8,$A:$A,"<="&A8),"") | Q8: =IF(O8="SI",IFERROR(INDEX('MAPA ASIENTOS'!$D:$D,MATCH(P8,'MAPA ASIENTOS'!$A:$A,0)),"SIN ASIGNAR"),"")
A9: =ROW()-1 | B9: 5 | C9: Coincidencia exacta PDF: Ex Presidente de la República | D9: OPA | F9: VIP | G9: Lagos Escobar, Ricardo | H9: Ricardo | I9: Lagos | J9: Escobar | K9: Pendiente | L9: Ex Presidente de la República | N9: =IFERROR(VALUE(B9),9999) | O9: =IF(AND(G9<>"",K9<>"NO",OR(PARAMETROS!$B$2="TODAS",F9=PARAMETROS!$B$2),OR(PARAMETROS!$B$3="SI y Pendiente",K9="SI")),"SI","NO") | P9: =IF(O9="SI",COUNTIFS($O:$O,"SI",$N:$N,"<"&N9)+COUNTIFS($O:$O,"SI",$N:$N,N9,$A:$A,"<="&A9),"") | Q9: =IF(O9="SI",IFERROR(INDEX('MAPA ASIENTOS'!$D:$D,MATCH(P9,'MAPA ASIENTOS'!$A:$A,0)),"SIN ASIGNAR"),"")
A10: =ROW()-1 | B10: 5 | C10: Coincidencia exacta PDF: Ex Presidente de la República | D10: OPA | F10: VIP | G10: Boric Font, Gabriel | H10: Gabriel | I10: Boric | J10: Font | K10: Pendiente | L10: Ex Presidente de la República | N10: =IFERROR(VALUE(B10),9999) | O10: =IF(AND(G10<>"",K10<>"NO",OR(PARAMETROS!$B$2="TODAS",F10=PARAMETROS!$B$2),OR(PARAMETROS!$B$3="SI y Pendiente",K10="SI")),"SI","NO") | P10: =IF(O10="SI",COUNTIFS($O:$O,"SI",$N:$N,"<"&N10)+COUNTIFS($O:$O,"SI",$N:$N,N10,$A:$A,"<="&A10),"") | Q10: =IF(O10="SI",IFERROR(INDEX('MAPA ASIENTOS'!$D:$D,MATCH(P10,'MAPA ASIENTOS'!$A:$A,0)),"SIN ASIGNAR"),"")
A11: =ROW()-1 | B11: 10 | C11: Coincidencia exacta PDF: Presidenta del Tribunal Constitucional | D11: OPA | F11: VIP | G11: Marzi Muñoz, Daniela | H11: Daniela | I11: Marzi | J11: Muñoz | K11: Pendiente | L11: Presidenta del Tribunal Constitucional | N11: =IFERROR(VALUE(B11),9999) | O11: =IF(AND(G11<>"",K11<>"NO",OR(PARAMETROS!$B$2="TODAS",F11=PARAMETROS!$B$2),OR(PARAMETROS!$B$3="SI y Pendiente",K11="SI")),"SI","NO") | P11: =IF(O11="SI",COUNTIFS($O:$O,"SI",$N:$N,"<"&N11)+COUNTIFS($O:$O,"SI",$N:$N,N11,$A:$A,"<="&A11),"") | Q11: =IF(O11="SI",IFERROR(INDEX('MAPA ASIENTOS'!$D:$D,MATCH(P11,'MAPA ASIENTOS'!$A:$A,0)),"SIN ASIGNAR"),"")
A12: =ROW()-1 | B12: 11 | C12: Coincidencia exacta PDF: Contralora General de la República | D12: OPA | E12: Contralora | F12: VIP | G12: Pérez Gutiérrez, Dorothy | H12: Dorothy | I12: Pérez | J12: Gutiérrez | K12: NO | L12: Contralora General de la República | N12: =IFERROR(VALUE(B12),9999) | O12: =IF(AND(G12<>"",K12<>"NO",OR(PARAMETROS!$B$2="TODAS",F12=PARAMETROS!$B$2),OR(PARAMETROS!$B$3="SI y Pendiente",K12="SI")),"SI","NO") | P12: =IF(O12="SI",COUNTIFS($O:$O,"SI",$N:$N,"<"&N12)+COUNTIFS($O:$O,"SI",$N:$N,N12,$A:$A,"<="&A12),"") | Q12: =IF(O12="SI",IFERROR(INDEX('MAPA ASIENTOS'!$D:$D,MATCH(P12,'MAPA ASIENTOS'!$A:$A,0)),"SIN ASIGNAR"),"")
A13: =ROW()-1 | B13: 12 | C13: Coincidencia exacta PDF: Fiscal Nacional del Ministerio Público | D13: OPA | E13: Fiscal | F13: VIP | G13: Valencia Vásquez, Ángel | H13: Ángel | I13: Valencia | J13: Vásquez | K13: Pendiente | L13: Fiscal Nacional del Ministerio Público | N13: =IFERROR(VALUE(B13),9999) | O13: =IF(AND(G13<>"",K13<>"NO",OR(PARAMETROS!$B$2="TODAS",F13=PARAMETROS!$B$2),OR(PARAMETROS!$B$3="SI y Pendiente",K13="SI")),"SI","NO") | P13: =IF(O13="SI",COUNTIFS($O:$O,"SI",$N:$N,"<"&N13)+COUNTIFS($O:$O,"SI",$N:$N,N13,$A:$A,"<="&A13),"") | Q13: =IF(O13="SI",IFERROR(INDEX('MAPA ASIENTOS'!$D:$D,MATCH(P13,'MAPA ASIENTOS'!$A:$A,0)),"SIN ASIGNAR"),"")
A14: =ROW()-1 | B14: 16 | C14: Coincidencia exacta PDF: Ministro del Interior | D14: OPA | E14: Ministro | F14: VIP | G14: Alvarado Andrade, Claudio | H14: Claudio | I14: Alvarado | J14: Andrade | K14: Pendiente | L14: Biministro del Interior y Secretario General de Gobierno | N14: =IFERROR(VALUE(B14),9999) | O14: =IF(AND(G14<>"",K14<>"NO",OR(PARAMETROS!$B$2="TODAS",F14=PARAMETROS!$B$2),OR(PARAMETROS!$B$3="SI y Pendiente",K14="SI")),"SI","NO") | P14: =IF(O14="SI",COUNTIFS($O:$O,"SI",$N:$N,"<"&N14)+COUNTIFS($O:$O,"SI",$N:$N,N14,$A:$A,"<="&A14),"") | Q14: =IF(O14="SI",IFERROR(INDEX('MAPA ASIENTOS'!$D:$D,MATCH(P14,'MAPA ASIENTOS'!$A:$A,0)),"SIN ASIGNAR"),"")
A15: =ROW()-1 | B15: 17 | C15: Coincidencia exacta PDF: Ministro de Relaciones Exteriores | D15: OPA | E15: Ministro | F15: VIP | G15: Pérez Mackenna, Francisco | H15: Francisco | I15: Pérez | J15: Mackenna | K15: NO | L15: Ministro de Relaciones Exteriores | N15: =IFERROR(VALUE(B15),9999) | O15: =IF(AND(G15<>"",K15<>"NO",OR(PARAMETROS!$B$2="TODAS",F15=PARAMETROS!$B$2),OR(PARAMETROS!$B$3="SI y Pendiente",K15="SI")),"SI","NO") | P15: =IF(O15="SI",COUNTIFS($O:$O,"SI",$N:$N,"<"&N15)+COUNTIFS($O:$O,"SI",$N:$N,N15,$A:$A,"<="&A15),"") | Q15: =IF(O15="SI",IFERROR(INDEX('MAPA ASIENTOS'!$D:$D,MATCH(P15,'MAPA ASIENTOS'!$A:$A,0)),"SIN ASIGNAR"),"")
A16: =ROW()-1 | B16: 18 | C16: Precedencia nacional / agrupación por cargo | D16: OPA | E16: Ministro | F16: VIP | G16: Delpiano Puelma, Adriana | H16: Adriana | I16: Delpiano | J16: Puelma | K16: Pendiente | L16: Ex Ministra de Defensa Nacional | N16: =IFERROR(VALUE(B16),9999) | O16: =IF(AND(G16<>"",K16<>"NO",OR(PARAMETROS!$B$2="TODAS",F16=PARAMETROS!$B$2),OR(PARAMETROS!$B$3="SI y Pendiente",K16="SI")),"SI","NO") | P16: =IF(O16="SI",COUNTIFS($O:$O,"SI",$N:$N,"<"&N16)+COUNTIFS($O:$O,"SI",$N:$N,N16,$A:$A,"<="&A16),"") | Q16: =IF(O16="SI",IFERROR(INDEX('MAPA ASIENTOS'!$D:$D,MATCH(P16,'MAPA ASIENTOS'!$A:$A,0)),"SIN ASIGNAR"),"")
A17: =ROW()-1 | B17: 18 | C17: Precedencia nacional / agrupación por cargo | D17: OPA | E17: Ministro | F17: VIP | G17: Fernández Allende, Maya | H17: Maya | I17: Fernández | J17: Allende | K17: Pendiente | L17: Ex Ministra de Defensa Nacional | N17: =IFERROR(VALUE(B17),9999) | O17: =IF(AND(G17<>"",K17<>"NO",OR(PARAMETROS!$B$2="TODAS",F17=PARAMETROS!$B$2),OR(PARAMETROS!$B$3="SI y Pendiente",K17="SI")),"SI","NO") | P17: =IF(O17="SI",COUNTIFS($O:$O,"SI",$N:$N,"<"&N17)+COUNTIFS($O:$O,"SI",$N:$N,N17,$A:$A,"<="&A17),"") | Q17: =IF(O17="SI",IFERROR(INDEX('MAPA ASIENTOS'!$D:$D,MATCH(P17,'MAPA ASIENTOS'!$A:$A,0)),"SIN ASIGNAR"),"")
A18: =ROW()-1 | B18: 18 | C18: Precedencia nacional / agrupación por cargo | D18: OPA | E18: Ministro | F18: VIP | G18: Burgos Varela, Jorge | H18: Jorge | I18: Burgos | J18: Varela | K18: NO | L18: Ex Ministro de Defensa Nacional | N18: =IFERROR(VALUE(B18),9999) | O18: =IF(AND(G18<>"",K18<>"NO",OR(PARAMETROS!$B$2="TODAS",F18=PARAMETROS!$B$2),OR(PARAMETROS!$B$3="SI y Pendiente",K18="SI")),"SI","NO") | P18: =IF(O18="SI",COUNTIFS($O:$O,"SI",$N:$N,"<"&N18)+COUNTIFS($O:$O,"SI",$N:$N,N18,$A:$A,"<="&A18),"") | Q18: =IF(O18="SI",IFERROR(INDEX('MAPA ASIENTOS'!$D:$D,MATCH(P18,'MAPA ASIENTOS'!$A:$A,0)),"SIN ASIGNAR"),"")
A19: =ROW()-1 | B19: 18 | C19: Precedencia nacional / agrupación por cargo | D19: OPA | E19: Ministro | F19: VIP | G19: Coopman Corral, Javier | H19: Javier | I19: Coopman | J19: Corral | K19: Pendiente | L19: Jefe Gabinete Ministro de Defensa | N19: =IFERROR(VALUE(B19),9999) | O19: =IF(AND(G19<>"",K19<>"NO",OR(PARAMETROS!$B$2="TODAS",F19=PARAMETROS!$B$2),OR(PARAMETROS!$B$3="SI y Pendiente",K19="SI")),"SI","NO") | P19: =IF(O19="SI",COUNTIFS($O:$O,"SI",$N:$N,"<"&N19)+COUNTIFS($O:$O,"SI",$N:$N,N19,$A:$A,"<="&A19),"") | Q19: =IF(O19="SI",IFERROR(INDEX('MAPA ASIENTOS'!$D:$D,MATCH(P19,'MAPA ASIENTOS'!$A:$A,0)),"SIN ASIGNAR"),"")
A20: =ROW()-1 | B20: 18 | C20: Coincidencia exacta PDF: Ministro de Defensa Nacional | D20: OPA | E20: Ministro | F20: VIP | G20: Barros Tocornal, Fernando | H20: Fernando | I20: Barros | J20: Tocornal | K20: Pendiente | L20: Ministro de Defensa Nacional | N20: =IFERROR(VALUE(B20),9999) | O20: =IF(AND(G20<>"",K20<>"NO",OR(PARAMETROS!$B$2="TODAS",F20=PARAMETROS!$B$2),OR(PARAMETROS!$B$3="SI y Pendiente",K20="SI")),"SI","NO") | P20: =IF(O20="SI",COUNTIFS($O:$O,"SI",$N:$N,"<"&N20)+COUNTIFS($O:$O,"SI",$N:$N,N20,$A:$A,"<="&A20),"") | Q20: =IF(O20="SI",IFERROR(INDEX('MAPA ASIENTOS'!$D:$D,MATCH(P20,'MAPA ASIENTOS'!$A:$A,0)),"SIN ASIGNAR"),"")
A21: =ROW()-1 | B21: 19 | C21: Coincidencia exacta PDF: Ministro de Hacienda | D21: OPA | E21: Ministro | F21: VIP | G21: Quiroz Castro, Jorge | H21: Jorge | I21: Quiroz | J21: Castro | K21: Pendiente | L21: Ministro de Hacienda | N21: =IFERROR(VALUE(B21),9999) | O21: =IF(AND(G21<>"",K21<>"NO",OR(PARAMETROS!$B$2="TODAS",F21=PARAMETROS!$B$2),OR(PARAMETROS!$B$3="SI y Pendiente",K21="SI")),"SI","NO") | P21: =IF(O21="SI",COUNTIFS($O:$O,"SI",$N:$N,"<"&N21)+COUNTIFS($O:$O,"SI",$N:$N,N21,$A:$A,"<="&A21),"") | Q21: =IF(O21="SI",IFERROR(INDEX('MAPA ASIENTOS'!$D:$D,MATCH(P21,'MAPA ASIENTOS'!$A:$A,0)),"SIN ASIGNAR"),"")
A22: =ROW()-1 | B22: 20 | C22: Coincidencia PDF por cartera principal: Seguridad Pública / Transporte | D22: OPA | E22: Ministro | F22: VIP | G22: De Grange Concha, Louis | H22: Louis | I22: De Grange | J22: Concha | K22: NO | L22: Biministro de Obras Publicas, Transporte y Telecomunicaciones | N22: =IFERROR(VALUE(B22),9999) | O22: =IF(AND(G22<>"",K22<>"NO",OR(PARAMETROS!$B$2="TODAS",F22=PARAMETROS!$B$2),OR(PARAMETROS!$B$3="SI y Pendiente",K22="SI")),"SI","NO") | P22: =IF(O22="SI",COUNTIFS($O:$O,"SI",$N:$N,"<"&N22)+COUNTIFS($O:$O,"SI",$N:$N,N22,$A:$A,"<="&A22),"") | Q22: =IF(O22="SI",IFERROR(INDEX('MAPA ASIENTOS'!$D:$D,MATCH(P22,'MAPA ASIENTOS'!$A:$A,0)),"SIN ASIGNAR"),"")
A23: =ROW()-1 | B23: 25 | C23: Coincidencia exacta PDF: Ministra de Educación | D23: OPA | E23: Ministro | F23: VIP | G23: Arzola González, María Paz | H23: María Paz | I23: Arzola | J23: González | K23: Pendiente | L23: Ministra de Educación | N23: =IFERROR(VALUE(B23),9999) | O23: =IF(AND(G23<>"",K23<>"NO",OR(PARAMETROS!$B$2="TODAS",F23=PARAMETROS!$B$2),OR(PARAMETROS!$B$3="SI y Pendiente",K23="SI")),"SI","NO") | P23: =IF(O23="SI",COUNTIFS($O:$O,"SI",$N:$N,"<"&N23)+COUNTIFS($O:$O,"SI",$N:$N,N23,$A:$A,"<="&A23),"") | Q23: =IF(O23="SI",IFERROR(INDEX('MAPA ASIENTOS'!$D:$D,MATCH(P23,'MAPA ASIENTOS'!$A:$A,0)),"SIN ASIGNAR"),"")
... A29: =ROW()-1 | B29: 40 | C29: Coincidencia exacta PDF: Ministra de Ciencia, Tecnología, Conocimiento e Innovación | D29: OPA | E29: Ministro | F29: VIP | G29: Lincolao Gates, Ximena | H29: Ximena | I29: Lincolao | J29: Gates | K29: NO | L29: Ministra de Ciencia, Tecnología, Conocimiento e Innovación | N29: =IFERROR(VALUE(B29),9999) | O29: =IF(AND(G29<>"",K29<>"NO",OR(PARAMETROS!$B$2="TODAS",F29=PARAMETROS!$B$2),OR(PARAMETROS!$B$3="SI y Pendiente",K29="SI")),"SI","NO") | P29: =IF(O29="SI",COUNTIFS($O:$O,"SI",$N:$N,"<"&N29)+COUNTIFS($O:$O,"SI",$N:$N,N29,$A:$A,"<="&A29),"") | Q29: =IF(O29="SI",IFERROR(INDEX('MAPA ASIENTOS'!$D:$D,MATCH(P29,'MAPA ASIENTOS'!$A:$A,0)),"SIN ASIGNAR"),"")
A30: =ROW()-1 | B30: 43 | C30: Categoría PDF: Embajadores Extranjeros (orden interno diplomático no informado) | D30: OPA | E30: Excelentísima | F30: VIP | G30: Faurie, Jorge | H30: Jorge | I30: Faurie | K30: NO | L30: Embajador de Argentina en Chile | N30: =IFERROR(VALUE(B30),9999) | O30: =IF(AND(G30<>"",K30<>"NO",OR(PARAMETROS!$B$2="TODAS",F30=PARAMETROS!$B$2),OR(PARAMETROS!$B$3="SI y Pendiente",K30="SI")),"SI","NO") | P30: =IF(O30="SI",COUNTIFS($O:$O,"SI",$N:$N,"<"&N30)+COUNTIFS($O:$O,"SI",$N:$N,N30,$A:$A,"<="&A30),"") | Q30: =IF(O30="SI",IFERROR(INDEX('MAPA ASIENTOS'!$D:$D,MATCH(P30,'MAPA ASIENTOS'!$A:$A,0)),"SIN ASIGNAR"),"")
A31: =ROW()-1 | B31: 43 | C31: Categoría PDF: Embajadores Extranjeros (orden interno diplomático no informado) | D31: OPA | E31: Excelentísima | F31: VIP | G31: Barrit Martin, Andrew James | H31: Andrew James | I31: Barrit | J31: Martin | K31: Pendiente | L31: Embajador de Australia en Chile | N31: =IFERROR(VALUE(B31),9999) | O31: =IF(AND(G31<>"",K31<>"NO",OR(PARAMETROS!$B$2="TODAS",F31=PARAMETROS!$B$2),OR(PARAMETROS!$B$3="SI y Pendiente",K31="SI")),"SI","NO") | P31: =IF(O31="SI",COUNTIFS($O:$O,"SI",$N:$N,"<"&N31)+COUNTIFS($O:$O,"SI",$N:$N,N31,$A:$A,"<="&A31),"") | Q31: =IF(O31="SI",IFERROR(INDEX('MAPA ASIENTOS'!$D:$D,MATCH(P31,'MAPA ASIENTOS'!$A:$A,0)),"SIN ASIGNAR"),"")
A32: =ROW()-1 | B32: 43 | C32: Categoría PDF: Embajadores Extranjeros (orden interno diplomático no informado) | D32: OPA | E32: Excelentísima | F32: VIP | G32: Soares Pacheco, Paulo | H32: Paulo | I32: Soares | J32: Pacheco | K32: Pendiente | L32: Embajador de Brasil en Chile | N32: =IFERROR(VALUE(B32),9999) | O32: =IF(AND(G32<>"",K32<>"NO",OR(PARAMETROS!$B$2="TODAS",F32=PARAMETROS!$B$2),OR(PARAMETROS!$B$3="SI y Pendiente",K32="SI")),"SI","NO") | P32: =IF(O32="SI",COUNTIFS($O:$O,"SI",$N:$N,"<"&N32)+COUNTIFS($O:$O,"SI",$N:$N,N32,$A:$A,"<="&A32),"") | Q32: =IF(O32="SI",IFERROR(INDEX('MAPA ASIENTOS'!$D:$D,MATCH(P32,'MAPA ASIENTOS'!$A:$A,0)),"SIN ASIGNAR"),"")
A33: =ROW()-1 | B33: 43 | C33: Categoría PDF: Embajadores Extranjeros (orden interno diplomático no informado) | D33: OPA | E33: Excelentísima | F33: VIP | G33: Guanumen Parra, Sebastián | H33: Sebastián | I33: Guanumen | J33: Parra | K33: Pendiente | L33: Embajador de Colombia en Chile | N33: =IFERROR(VALUE(B33),9999) | O33: =IF(AND(G33<>"",K33<>"NO",OR(PARAMETROS!$B$2="TODAS",F33=PARAMETROS!$B$2),OR(PARAMETROS!$B$3="SI y Pendiente",K33="SI")),"SI","NO") | P33: =IF(O33="SI",COUNTIFS($O:$O,"SI",$N:$N,"<"&N33)+COUNTIFS($O:$O,"SI",$N:$N,N33,$A:$A,"<="&A33),"") | Q33: =IF(O33="SI",IFERROR(INDEX('MAPA ASIENTOS'!$D:$D,MATCH(P33,'MAPA ASIENTOS'!$A:$A,0)),"SIN ASIGNAR"),"")
A34: =ROW()-1 | B34: 43 | C34: Categoría PDF: Embajadores Extranjeros (orden interno diplomático no informado) | D34: OPA | E34: Excelentísima | F34: VIP | G34: Judd, Brandon | H34: Brandon | I34: Judd | K34: Pendiente | L34: Embajador de Estados Unidos de América en Chile | N34: =IFERROR(VALUE(B34),9999) | O34: =IF(AND(G34<>"",K34<>"NO",OR(PARAMETROS!$B$2="TODAS",F34=PARAMETROS!$B$2),OR(PARAMETROS!$B$3="SI y Pendiente",K34="SI")),"SI","NO") | P34: =IF(O34="SI",COUNTIFS($O:$O,"SI",$N:$N,"<"&N34)+COUNTIFS($O:$O,"SI",$N:$N,N34,$A:$A,"<="&A34),"") | Q34: =IF(O34="SI",IFERROR(INDEX('MAPA ASIENTOS'!$D:$D,MATCH(P34,'MAPA ASIENTOS'!$A:$A,0)),"SIN ASIGNAR"),"")
A35: =ROW()-1 | B35: 43 | C35: Categoría PDF: Embajadores Extranjeros (orden interno diplomático no informado) | D35: OPA | E35: Excelentísima | F35: VIP | G35: Rogeau, Cyrille | H35: Cyrille | I35: Rogeau | K35: SI | L35: Embajador de Francia en Chile | N35: =IFERROR(VALUE(B35),9999) | O35: =IF(AND(G35<>"",K35<>"NO",OR(PARAMETROS!$B$2="TODAS",F35=PARAMETROS!$B$2),OR(PARAMETROS!$B$3="SI y Pendiente",K35="SI")),"SI","NO") | P35: =IF(O35="SI",COUNTIFS($O:$O,"SI",$N:$N,"<"&N35)+COUNTIFS($O:$O,"SI",$N:$N,N35,$A:$A,"<="&A35),"") | Q35: =IF(O35="SI",IFERROR(INDEX('MAPA ASIENTOS'!$D:$D,MATCH(P35,'MAPA ASIENTOS'!$A:$A,0)),"SIN ASIGNAR"),"")
A36: =ROW()-1 | B36: 43 | C36: Precedencia nacional / agrupación por cargo | D36: OPA | E36: Excelentísima | F36: VIP | G36: Qingbao, Niu | H36: Niu | I36: Qingbao | K36: Pendiente | L36: Embajador de la República Popular China en Chile | N36: =IFERROR(VALUE(B36),9999) | O36: =IF(AND(G36<>"",K36<>"NO",OR(PARAMETROS!$B$2="TODAS",F36=PARAMETROS!$B$2),OR(PARAMETROS!$B$3="SI y Pendiente",K36="SI")),"SI","NO") | P36: =IF(O36="SI",COUNTIFS($O:$O,"SI",$N:$N,"<"&N36)+COUNTIFS($O:$O,"SI",$N:$N,N36,$A:$A,"<="&A36),"") | Q36: =IF(O36="SI",IFERROR(INDEX('MAPA ASIENTOS'!$D:$D,MATCH(P36,'MAPA ASIENTOS'!$A:$A,0)),"SIN ASIGNAR"),"")
A37: =ROW()-1 | B37: 43 | C37: Precedencia nacional / agrupación por cargo | D37: OPA | E37: Excelentísima | F37: VIP | G37: El Ghali, Kenza | H37: Kenza | I37: El Ghali | K37: Pendiente | L37: Embajador de Marruecos | N37: =IFERROR(VALUE(B37),9999) | O37: =IF(AND(G37<>"",K37<>"NO",OR(PARAMETROS!$B$2="TODAS",F37=PARAMETROS!$B$2),OR(PARAMETROS!$B$3="SI y Pendiente",K37="SI")),"SI","NO") | P37: =IF(O37="SI",COUNTIFS($O:$O,"SI",$N:$N,"<"&N37)+COUNTIFS($O:$O,"SI",$N:$N,N37,$A:$A,"<="&A37),"") | Q37: =IF(O37="SI",IFERROR(INDEX('MAPA ASIENTOS'!$D:$D,MATCH(P37,'MAPA ASIENTOS'!$A:$A,0)),"SIN ASIGNAR"),"")
A38: =ROW()-1 | B38: 43 | C38: Categoría PDF: Embajadores Extranjeros (orden interno diplomático no informado) | D38: OPA | E38: Excelentísima | F38: VIP | G38: Pollen Nilsen, Per | H38: Per | I38: Pollen | J38: Nilsen | K38: Pendiente | L38: Embajador de Noruega en Chile | N38: =IFERROR(VALUE(B38),9999) | O38: =IF(AND(G38<>"",K38<>"NO",OR(PARAMETROS!$B$2="TODAS",F38=PARAMETROS!$B$2),OR(PARAMETROS!$B$3="SI y Pendiente",K38="SI")),"SI","NO") | P38: =IF(O38="SI",COUNTIFS($O:$O,"SI",$N:$N,"<"&N38)+COUNTIFS($O:$O,"SI",$N:$N,N38,$A:$A,"<="&A38),"") | Q38: =IF(O38="SI",IFERROR(INDEX('MAPA ASIENTOS'!$D:$D,MATCH(P38,'MAPA ASIENTOS'!$A:$A,0)),"SIN ASIGNAR"),"")
A39: =ROW()-1 | B39: 43 | C39: Precedencia nacional / agrupación por cargo | D39: OPA | E39: Excelentísima | F39: VIP | G39: Courtny, Daniela | H39: Daniela | I39: Rigoli | K39: NO | L39: Embajador de Nueva Zelandia en Chile | N39: =IFERROR(VALUE(B39),9999) | O39: =IF(AND(G39<>"",K39<>"NO",OR(PARAMETROS!$B$2="TODAS",F39=PARAMETROS!$B$2),OR(PARAMETROS!$B$3="SI y Pendiente",K39="SI")),"SI","NO") | P39: =IF(O39="SI",COUNTIFS($O:$O,"SI",$N:$N,"<"&N39)+COUNTIFS($O:$O,"SI",$N:$N,N39,$A:$A,"<="&A39),"") | Q39: =IF(O39="SI",IFERROR(INDEX('MAPA ASIENTOS'!$D:$D,MATCH(P39,'MAPA ASIENTOS'!$A:$A,0)),"SIN ASIGNAR"),"")
A40: =ROW()-1 | B40: 43 | C40: Categoría PDF: Embajadores Extranjeros (orden interno diplomático no informado) | D40: OPA | E40: Excelentísima | F40: VIP | G40: Camino Cannock, Peter | H40: Peter | I40: Camino | J40: Cannock | K40: Pendiente | L40: Embajador de Perú en Chile | N40: =IFERROR(VALUE(B40),9999) | O40: =IF(AND(G40<>"",K40<>"NO",OR(PARAMETROS!$B$2="TODAS",F40=PARAMETROS!$B$2),OR(PARAMETROS!$B$3="SI y Pendiente",K40="SI")),"SI","NO") | P40: =IF(O40="SI",COUNTIFS($O:$O,"SI",$N:$N,"<"&N40)+COUNTIFS($O:$O,"SI",$N:$N,N40,$A:$A,"<="&A40),"") | Q40: =IF(O40="SI",IFERROR(INDEX('MAPA ASIENTOS'!$D:$D,MATCH(P40,'MAPA ASIENTOS'!$A:$A,0)),"SIN ASIGNAR"),"")
A41: =ROW()-1 | B41: 43 | C41: Categoría PDF: Embajadores Extranjeros (orden interno diplomático no informado) | D41: OPA | E41: Excelentísima | F41: VIP | G41: Wiklund, Tomás | H41: Eva Sofia | I41: Karlberg | K41: Pendiente | L41: Embajador del Reino de Suecia en Chile | N41: =IFERROR(VALUE(B41),9999) | O41: =IF(AND(G41<>"",K41<>"NO",OR(PARAMETROS!$B$2="TODAS",F41=PARAMETROS!$B$2),OR(PARAMETROS!$B$3="SI y Pendiente",K41="SI")),"SI","NO") | P41: =IF(O41="SI",COUNTIFS($O:$O,"SI",$N:$N,"<"&N41)+COUNTIFS($O:$O,"SI",$N:$N,N41,$A:$A,"<="&A41),"") | Q41: =IF(O41="SI",IFERROR(INDEX('MAPA ASIENTOS'!$D:$D,MATCH(P41,'MAPA ASIENTOS'!$A:$A,0)),"SIN ASIGNAR"),"")
A42: =ROW()-1 | B42: 43 | C42: Categoría PDF: Embajadores Extranjeros (orden interno diplomático no informado) | D42: OPA | E42: Excelentísima | F42: VIP | G42: Concar, David | H42: David | I42: Concar | K42: Pendiente | L42: Embajador del Reino Unido de Gran Bretaña e Irlanda del Norte en Chile | N42: =IFERROR(VALUE(B42),9999) | O42: =IF(AND(G42<>"",K42<>"NO",OR(PARAMETROS!$B$2="TODAS",F42=PARAMETROS!$B$2),OR(PARAMETROS!$B$3="SI y Pendiente",K42="SI")),"SI","NO") | P42: =IF(O42="SI",COUNTIFS($O:$O,"SI",$N:$N,"<"&N42)+COUNTIFS($O:$O,"SI",$N:$N,N42,$A:$A,"<="&A42),"") | Q42: =IF(O42="SI",IFERROR(INDEX('MAPA ASIENTOS'!$D:$D,MATCH(P42,'MAPA ASIENTOS'!$A:$A,0)),"SIN ASIGNAR"),"")
A43: =ROW()-1 | B43: 43 | C43: Precedencia nacional / agrupación por cargo | D43: OPA | E43: Excelentísima | F43: VIP | G43: Fries-gaier, Susanne | H43: Susanne | I43: Fries-gaier | K43: NO | L43: Embajadora de Alemania en Chile | N43: =IFERROR(VALUE(B43),9999) | O43: =IF(AND(G43<>"",K43<>"NO",OR(PARAMETROS!$B$2="TODAS",F43=PARAMETROS!$B$2),OR(PARAMETROS!$B$3="SI y Pendiente",K43="SI")),"SI","NO") | P43: =IF(O43="SI",COUNTIFS($O:$O,"SI",$N:$N,"<"&N43)+COUNTIFS($O:$O,"SI",$N:$N,N43,$A:$A,"<="&A43),"") | Q43: =IF(O43="SI",IFERROR(INDEX('MAPA ASIENTOS'!$D:$D,MATCH(P43,'MAPA ASIENTOS'!$A:$A,0)),"SIN ASIGNAR"),"")
A44: =ROW()-1 | B44: 43 | C44: Categoría PDF: Embajadores Extranjeros (orden interno diplomático no informado) | D44: OPA | E44: Excelentísima | F44: VIP | G44: Guay Guay, Karolina Linda | H44: Karolina Linda | I44: Guay | J44: Guay | K44: SI | L44: Embajadora de Canadá en Chile | N44: =IFERROR(VALUE(B44),9999) | O44: =IF(AND(G44<>"",K44<>"NO",OR(PARAMETROS!$B$2="TODAS",F44=PARAMETROS!$B$2),OR(PARAMETROS!$B$3="SI y Pendiente",K44="SI")),"SI","NO") | P44: =IF(O44="SI",COUNTIFS($O:$O,"SI",$N:$N,"<"&N44)+COUNTIFS($O:$O,"SI",$N:$N,N44,$A:$A,"<="&A44),"") | Q44: =IF(O44="SI",IFERROR(INDEX('MAPA ASIENTOS'!$D:$D,MATCH(P44,'MAPA ASIENTOS'!$A:$A,0)),"SIN ASIGNAR"),"")
A45: =ROW()-1 | B45: 43 | C45: Precedencia nacional / agrupación por cargo | D45: OPA | E45: Excelentísima | F45: VIP | G45: Jae Kim, Hak | H45: Hak | I45: Jae Kim | K45: Pendiente | L45: Embajadora de Corea en Chile | N45: =IFERROR(VALUE(B45),9999) | O45: =IF(AND(G45<>"",K45<>"NO",OR(PARAMETROS!$B$2="TODAS",F45=PARAMETROS!$B$2),OR(PARAMETROS!$B$3="SI y Pendiente",K45="SI")),"SI","NO") | P45: =IF(O45="SI",COUNTIFS($O:$O,"SI",$N:$N,"<"&N45)+COUNTIFS($O:$O,"SI",$N:$N,N45,$A:$A,"<="&A45),"") | Q45: =IF(O45="SI",IFERROR(INDEX('MAPA ASIENTOS'!$D:$D,MATCH(P45,'MAPA ASIENTOS'!$A:$A,0)),"SIN ASIGNAR"),"")
A46: =ROW()-1 | B46: 43 | C46: Categoría PDF: Embajadores Extranjeros (orden interno diplomático no informado) | D46: OPA | E46: Excelentísima | F46: VIP | G46: Andrade Abdo, Lotty Farah | H46: Lotty Farah | I46: Andrade | J46: Abdo | K46: Pendiente | L46: Embajadora de Ecuador en Chile | N46: =IFERROR(VALUE(B46),9999) | O46: =IF(AND(G46<>"",K46<>"NO",OR(PARAMETROS!$B$2="TODAS",F46=PARAMETROS!$B$2),OR(PARAMETROS!$B$3="SI y Pendiente",K46="SI")),"SI","NO") | P46: =IF(O46="SI",COUNTIFS($O:$O,"SI",$N:$N,"<"&N46)+COUNTIFS($O:$O,"SI",$N:$N,N46,$A:$A,"<="&A46),"") | Q46: =IF(O46="SI",IFERROR(INDEX('MAPA ASIENTOS'!$D:$D,MATCH(P46,'MAPA ASIENTOS'!$A:$A,0)),"SIN ASIGNAR"),"")
A47: =ROW()-1 | B47: 43 | C47: Categoría PDF: Embajadores Extranjeros (orden interno diplomático no informado) | D47: OPA | E47: Excelentísima | F47: VIP | G47: Oroz Ulibarri, Laura | H47: Laura | I47: Oroz | J47: Ulibarri | K47: Pendiente | L47: Embajadora de España en Chile | N47: =IFERROR(VALUE(B47),9999) | O47: =IF(AND(G47<>"",K47<>"NO",OR(PARAMETROS!$B$2="TODAS",F47=PARAMETROS!$B$2),OR(PARAMETROS!$B$3="SI y Pendiente",K47="SI")),"SI","NO") | P47: =IF(O47="SI",COUNTIFS($O:$O,"SI",$N:$N,"<"&N47)+COUNTIFS($O:$O,"SI",$N:$N,N47,$A:$A,"<="&A47),"") | Q47: =IF(O47="SI",IFERROR(INDEX('MAPA ASIENTOS'!$D:$D,MATCH(P47,'MAPA ASIENTOS'!$A:$A,0)),"SIN ASIGNAR"),"")
A48: =ROW()-1 | B48: 43 | C48: Categoría PDF: Embajadores Extranjeros (orden interno diplomático no informado) | D48: OPA | E48: Excelentísima | F48: VIP | G48: Kotkajarvi, Johanna | H48: Johanna | I48: Kotkajarvi | K48: Pendiente | L48: Embajadora de Finlandia en Chile | N48: =IFERROR(VALUE(B48),9999) | O48: =IF(AND(G48<>"",K48<>"NO",OR(PARAMETROS!$B$2="TODAS",F48=PARAMETROS!$B$2),OR(PARAMETROS!$B$3="SI y Pendiente",K48="SI")),"SI","NO") | P48: =IF(O48="SI",COUNTIFS($O:$O,"SI",$N:$N,"<"&N48)+COUNTIFS($O:$O,"SI",$N:$N,N48,$A:$A,"<="&A48),"") | Q48: =IF(O48="SI",IFERROR(INDEX('MAPA ASIENTOS'!$D:$D,MATCH(P48,'MAPA ASIENTOS'!$A:$A,0)),"SIN ASIGNAR"),"")
A49: =ROW()-1 | B49: 43 | C49: Precedencia nacional / agrupación por cargo | D49: OPA | E49: Excelentísima | F49: VIP | G49: Lewi, Peleg | H49: Peleg | I49: Lewi | K49: SI | L49: Embajadora de Israel en Chile | N49: =IFERROR(VALUE(B49),9999) | O49: =IF(AND(G49<>"",K49<>"NO",OR(PARAMETROS!$B$2="TODAS",F49=PARAMETROS!$B$2),OR(PARAMETROS!$B$3="SI y Pendiente",K49="SI")),"SI","NO") | P49: =IF(O49="SI",COUNTIFS($O:$O,"SI",$N:$N,"<"&N49)+COUNTIFS($O:$O,"SI",$N:$N,N49,$A:$A,"<="&A49),"") | Q49: =IF(O49="SI",IFERROR(INDEX('MAPA ASIENTOS'!$D:$D,MATCH(P49,'MAPA ASIENTOS'!$A:$A,0)),"SIN ASIGNAR"),"")
A50: =ROW()-1 | B50: 43 | C50: Categoría PDF: Embajadores Extranjeros (orden interno diplomático no informado) | D50: OPA | E50: Excelentísima | F50: VIP | G50: Biagiotti, Valeria | H50: Valeria | I50: Biagiotti | K50: Pendiente | L50: Embajadora de Italia en Chile | N50: =IFERROR(VALUE(B50),9999) | O50: =IF(AND(G50<>"",K50<>"NO",OR(PARAMETROS!$B$2="TODAS",F50=PARAMETROS!$B$2),OR(PARAMETROS!$B$3="SI y Pendiente",K50="SI")),"SI","NO") | P50: =IF(O50="SI",COUNTIFS($O:$O,"SI",$N:$N,"<"&N50)+COUNTIFS($O:$O,"SI",$N:$N,N50,$A:$A,"<="&A50),"") | Q50: =IF(O50="SI",IFERROR(INDEX('MAPA ASIENTOS'!$D:$D,MATCH(P50,'MAPA ASIENTOS'!$A:$A,0)),"SIN ASIGNAR"),"")
A51: =ROW()-1 | B51: 43 | C51: Precedencia nacional / agrupación por cargo | D51: OPA | E51: Excelentísima | F51: VIP | G51: Sone, Kenko | H51: Kenko | I51: Sone | K51: Pendiente | L51: Embajadora de Japón en Chile | N51: =IFERROR(VALUE(B51),9999) | O51: =IF(AND(G51<>"",K51<>"NO",OR(PARAMETROS!$B$2="TODAS",F51=PARAMETROS!$B$2),OR(PARAMETROS!$B$3="SI y Pendiente",K51="SI")),"SI","NO") | P51: =IF(O51="SI",COUNTIFS($O:$O,"SI",$N:$N,"<"&N51)+COUNTIFS($O:$O,"SI",$N:$N,N51,$A:$A,"<="&A51),"") | Q51: =IF(O51="SI",IFERROR(INDEX('MAPA ASIENTOS'!$D:$D,MATCH(P51,'MAPA ASIENTOS'!$A:$A,0)),"SIN ASIGNAR"),"")
A52: =ROW()-1 | B52: 43 | C52: Precedencia nacional / agrupación por cargo | D52: OPA | E52: Excelentísima | F52: VIP | G52: Rocanova Rodríguez, Ana Inés | H52: Ana Inés | I52: Rocanova | J52: Rodríguez | K52: Pendiente | L52: Embajadora de la República Oriental del Uruguay en Chile | N52: =IFERROR(VALUE(B52),9999) | O52: =IF(AND(G52<>"",K52<>"NO",OR(PARAMETROS!$B$2="TODAS",F52=PARAMETROS!$B$2),OR(PARAMETROS!$B$3="SI y Pendiente",K52="SI")),"SI","NO") | P52: =IF(O52="SI",COUNTIFS($O:$O,"SI",$N:$N,"<"&N52)+COUNTIFS($O:$O,"SI",$N:$N,N52,$A:$A,"<="&A52),"") | Q52: =IF(O52="SI",IFERROR(INDEX('MAPA ASIENTOS'!$D:$D,MATCH(P52,'MAPA ASIENTOS'!$A:$A,0)),"SIN ASIGNAR"),"")
A53: =ROW()-1 | B53: 43 | C53: Precedencia nacional / agrupación por cargo | D53: OPA | E53: Excelentísima | F53: VIP | G53: Schaapveld E/v Merks, Elke | H53: Elke | I53: Schaapveld | J53: E/v Merks | K53: Pendiente | L53: Embajadora de los Países Bajos en Chile | N53: =IFERROR(VALUE(B53),9999) | O53: =IF(AND(G53<>"",K53<>"NO",OR(PARAMETROS!$B$2="TODAS",F53=PARAMETROS!$B$2),OR(PARAMETROS!$B$3="SI y Pendiente",K53="SI")),"SI","NO") | P53: =IF(O53="SI",COUNTIFS($O:$O,"SI",$N:$N,"<"&N53)+COUNTIFS($O:$O,"SI",$N:$N,N53,$A:$A,"<="&A53),"") | Q53: =IF(O53="SI",IFERROR(INDEX('MAPA ASIENTOS'!$D:$D,MATCH(P53,'MAPA ASIENTOS'!$A:$A,0)),"SIN ASIGNAR"),"")
A54: =ROW()-1 | B54: 43 | C54: Precedencia nacional / agrupación por cargo | D54: OPA | E54: Excelentísima | F54: VIP | G54: Moreno Rodriguez, Laura | H54: Laura | I54: Moreno | J54: Rodriguez | K54: Pendiente | L54: Embajadora de Mexico en Chile | N54: =IFERROR(VALUE(B54),9999) | O54: =IF(AND(G54<>"",K54<>"NO",OR(PARAMETROS!$B$2="TODAS",F54=PARAMETROS!$B$2),OR(PARAMETROS!$B$3="SI y Pendiente",K54="SI")),"SI","NO") | P54: =IF(O54="SI",COUNTIFS($O:$O,"SI",$N:$N,"<"&N54)+COUNTIFS($O:$O,"SI",$N:$N,N54,$A:$A,"<="&A54),"") | Q54: =IF(O54="SI",IFERROR(INDEX('MAPA ASIENTOS'!$D:$D,MATCH(P54,'MAPA ASIENTOS'!$A:$A,0)),"SIN ASIGNAR"),"")
A55: =ROW()-1 | B55: 43 | C55: Precedencia nacional / agrupación por cargo | D55: OPA | E55: Excelentísima | F55: VIP | G55: Ihsan Kiziltan, Ahmet | H55: Ahmet | I55: Ihsan | J55: Kiziltan | K55: Pendiente | L55: Embajadora de Turquia en Chile | N55: =IFERROR(VALUE(B55),9999) | O55: =IF(AND(G55<>"",K55<>"NO",OR(PARAMETROS!$B$2="TODAS",F55=PARAMETROS!$B$2),OR(PARAMETROS!$B$3="SI y Pendiente",K55="SI")),"SI","NO") | P55: =IF(O55="SI",COUNTIFS($O:$O,"SI",$N:$N,"<"&N55)+COUNTIFS($O:$O,"SI",$N:$N,N55,$A:$A,"<="&A55),"") | Q55: =IF(O55="SI",IFERROR(INDEX('MAPA ASIENTOS'!$D:$D,MATCH(P55,'MAPA ASIENTOS'!$A:$A,0)),"SIN ASIGNAR"),"")
A56: =ROW()-1 | B56: 44 | C56: Coincidencia exacta PDF: Comandante en Jefe del Ejército | D56: OPA | E56: General | F56: VIP | G56: Varela Sabando, Pedro | H56: Pedro | I56: Varela | J56: Sabando | K56: Pendiente | L56: Comandante en Jefe del Ejército | N56: =IFERROR(VALUE(B56),9999) | O56: =IF(AND(G56<>"",K56<>"NO",OR(PARAMETROS!$B$2="TODAS",F56=PARAMETROS!$B$2),OR(PARAMETROS!$B$3="SI y Pendiente",K56="SI")),"SI","NO") | P56: =IF(O56="SI",COUNTIFS($O:$O,"SI",$N:$N,"<"&N56)+COUNTIFS($O:$O,"SI",$N:$N,N56,$A:$A,"<="&A56),"") | Q56: =IF(O56="SI",IFERROR(INDEX('MAPA ASIENTOS'!$D:$D,MATCH(P56,'MAPA ASIENTOS'!$A:$A,0)),"SIN ASIGNAR"),"")
A57: =ROW()-1 | B57: 45 | C57: Comandante en Jefe de la Armada, precedencia nacional | D57: OPA | E57: Almirante | F57: VIP | G57: Cabrera Salazar, Fernando | H57: Fernando | I57: Cabrera | J57: Salazar | K57: SI | L57: Comandante en Jefe de la Armada | N57: =IFERROR(VALUE(B57),9999) | O57: =IF(AND(G57<>"",K57<>"NO",OR(PARAMETROS!$B$2="TODAS",F57=PARAMETROS!$B$2),OR(PARAMETROS!$B$3="SI y Pendiente",K57="SI")),"SI","NO") | P57: =IF(O57="SI",COUNTIFS($O:$O,"SI",$N:$N,"<"&N57)+COUNTIFS($O:$O,"SI",$N:$N,N57,$A:$A,"<="&A57),"") | Q57: =IF(O57="SI",IFERROR(INDEX('MAPA ASIENTOS'!$D:$D,MATCH(P57,'MAPA ASIENTOS'!$A:$A,0)),"SIN ASIGNAR"),"")
A58: =ROW()-1 | B58: 45.1 | C58: Acompañante anclada inmediatamente posterior al CJA | D58: OPA | E58: Señora | F58: VIP | G58: Mery, Roxana | H58: Roxana | I58: Mery | J58: Casella | K58: SI | L58: Esposa del Comandante en Jefe de la Armada | N58: =IFERROR(VALUE(B58),9999) | O58: =IF(AND(G58<>"",K58<>"NO",OR(PARAMETROS!$B$2="TODAS",F58=PARAMETROS!$B$2),OR(PARAMETROS!$B$3="SI y Pendiente",K58="SI")),"SI","NO") | P58: =IF(O58="SI",COUNTIFS($O:$O,"SI",$N:$N,"<"&N58)+COUNTIFS($O:$O,"SI",$N:$N,N58,$A:$A,"<="&A58),"") | Q58: =IF(O58="SI",IFERROR(INDEX('MAPA ASIENTOS'!$D:$D,MATCH(P58,'MAPA ASIENTOS'!$A:$A,0)),"SIN ASIGNAR"),"")
A59: =ROW()-1 | B59: 45 | C59: Precedencia nacional / agrupación por cargo | D59: OPA | E59: Almirante | F59: VIP | G59: Arancibia Reyes, Jorge Patricio | H59: Jorge Patricio | I59: Arancibia | J59: Reyes | K59: Pendiente | L59: Ex - Comandante en Jefe de la Armada | N59: =IFERROR(VALUE(B59),9999) | O59: =IF(AND(G59<>"",K59<>"NO",OR(PARAMETROS!$B$2="TODAS",F59=PARAMETROS!$B$2),OR(PARAMETROS!$B$3="SI y Pendiente",K59="SI")),"SI","NO") | P59: =IF(O59="SI",COUNTIFS($O:$O,"SI",$N:$N,"<"&N59)+COUNTIFS($O:$O,"SI",$N:$N,N59,$A:$A,"<="&A59),"") | Q59: =IF(O59="SI",IFERROR(INDEX('MAPA ASIENTOS'!$D:$D,MATCH(P59,'MAPA ASIENTOS'!$A:$A,0)),"SIN ASIGNAR"),"")
A60: =ROW()-1 | B60: 45 | C60: Precedencia nacional / agrupación por cargo | D60: OPA | E60: Almirante | F60: VIP | G60: Codina Díaz, Rodolfo | H60: Rodolfo | I60: Codina | J60: Díaz | K60: Pendiente | L60: Ex - Comandante en Jefe de la Armada | N60: =IFERROR(VALUE(B60),9999) | O60: =IF(AND(G60<>"",K60<>"NO",OR(PARAMETROS!$B$2="TODAS",F60=PARAMETROS!$B$2),OR(PARAMETROS!$B$3="SI y Pendiente",K60="SI")),"SI","NO") | P60: =IF(O60="SI",COUNTIFS($O:$O,"SI",$N:$N,"<"&N60)+COUNTIFS($O:$O,"SI",$N:$N,N60,$A:$A,"<="&A60),"") | Q60: =IF(O60="SI",IFERROR(INDEX('MAPA ASIENTOS'!$D:$D,MATCH(P60,'MAPA ASIENTOS'!$A:$A,0)),"SIN ASIGNAR"),"")
A61: =ROW()-1 | B61: 45 | C61: Precedencia nacional / agrupación por cargo | D61: OPA | E61: Almirante | F61: VIP | G61: De la Maza Larraín, Juan Andrés | H61: Juan Andrés | I61: De la Maza | J61: Larraín | K61: NO | L61: Ex - Comandante en Jefe de la Armada | N61: =IFERROR(VALUE(B61),9999) | O61: =IF(AND(G61<>"",K61<>"NO",OR(PARAMETROS!$B$2="TODAS",F61=PARAMETROS!$B$2),OR(PARAMETROS!$B$3="SI y Pendiente",K61="SI")),"SI","NO") | P61: =IF(O61="SI",COUNTIFS($O:$O,"SI",$N:$N,"<"&N61)+COUNTIFS($O:$O,"SI",$N:$N,N61,$A:$A,"<="&A61),"") | Q61: =IF(O61="SI",IFERROR(INDEX('MAPA ASIENTOS'!$D:$D,MATCH(P61,'MAPA ASIENTOS'!$A:$A,0)),"SIN ASIGNAR"),"")
A62: =ROW()-1 | B62: 45 | C62: Precedencia nacional / agrupación por cargo | D62: OPA | E62: Almirante | F62: VIP | G62: González Robles, Edmundo | H62: Edmundo | I62: González | J62: Robles | K62: NO | L62: Ex - Comandante en Jefe de la Armada | N62: =IFERROR(VALUE(B62),9999) | O62: =IF(AND(G62<>"",K62<>"NO",OR(PARAMETROS!$B$2="TODAS",F62=PARAMETROS!$B$2),OR(PARAMETROS!$B$3="SI y Pendiente",K62="SI")),"SI","NO") | P62: =IF(O62="SI",COUNTIFS($O:$O,"SI",$N:$N,"<"&N62)+COUNTIFS($O:$O,"SI",$N:$N,N62,$A:$A,"<="&A62),"") | Q62: =IF(O62="SI",IFERROR(INDEX('MAPA ASIENTOS'!$D:$D,MATCH(P62,'MAPA ASIENTOS'!$A:$A,0)),"SIN ASIGNAR"),"")
A63: =ROW()-1 | B63: 45 | C63: Precedencia nacional / agrupación por cargo | D63: OPA | E63: Almirante | F63: VIP | G63: Larrañaga Martin, Enrique | H63: Enrique | I63: Larrañaga | J63: Martin | K63: SI | L63: Ex - Comandante en Jefe de la Armada | N63: =IFERROR(VALUE(B63),9999) | O63: =IF(AND(G63<>"",K63<>"NO",OR(PARAMETROS!$B$2="TODAS",F63=PARAMETROS!$B$2),OR(PARAMETROS!$B$3="SI y Pendiente",K63="SI")),"SI","NO") | P63: =IF(O63="SI",COUNTIFS($O:$O,"SI",$N:$N,"<"&N63)+COUNTIFS($O:$O,"SI",$N:$N,N63,$A:$A,"<="&A63),"") | Q63: =IF(O63="SI",IFERROR(INDEX('MAPA ASIENTOS'!$D:$D,MATCH(P63,'MAPA ASIENTOS'!$A:$A,0)),"SIN ASIGNAR"),"")
... A123: =ROW()-1 | B123: 61 | C123: Precedencia nacional / agrupación por cargo | D123: OPA | E123: Subsecretario | F123: VIP | G123: Carvajal Madariaga, Bárbara | H123: Bárbara | I123: Carvajal | J123: Madariaga | K123: Pendiente | L123: Jefa de Gabinete Subsecretario para las FF.AA. | N123: =IFERROR(VALUE(B123),9999) | O123: =IF(AND(G123<>"",K123<>"NO",OR(PARAMETROS!$B$2="TODAS",F123=PARAMETROS!$B$2),OR(PARAMETROS!$B$3="SI y Pendiente",K123="SI")),"SI","NO") | P123: =IF(O123="SI",COUNTIFS($O:$O,"SI",$N:$N,"<"&N123)+COUNTIFS($O:$O,"SI",$N:$N,N123,$A:$A,"<="&A123),"") | Q123: =IF(O123="SI",IFERROR(INDEX('MAPA ASIENTOS'!$D:$D,MATCH(P123,'MAPA ASIENTOS'!$A:$A,0)),"SIN ASIGNAR"),"")
A124: =ROW()-1 | B124: 61 | C124: Precedencia nacional / agrupación por cargo | D124: OPA | E124: Subsecretario | F124: VIP | G124: Lira, Pablo | H124: Pablo | I124: Lira | K124: Pendiente | L124: Jefe Gabinete Subsecretario de Defensa | N124: =IFERROR(VALUE(B124),9999) | O124: =IF(AND(G124<>"",K124<>"NO",OR(PARAMETROS!$B$2="TODAS",F124=PARAMETROS!$B$2),OR(PARAMETROS!$B$3="SI y Pendiente",K124="SI")),"SI","NO") | P124: =IF(O124="SI",COUNTIFS($O:$O,"SI",$N:$N,"<"&N124)+COUNTIFS($O:$O,"SI",$N:$N,N124,$A:$A,"<="&A124),"") | Q124: =IF(O124="SI",IFERROR(INDEX('MAPA ASIENTOS'!$D:$D,MATCH(P124,'MAPA ASIENTOS'!$A:$A,0)),"SIN ASIGNAR"),"")
A125: =ROW()-1 | B125: 61 | C125: Coincidencia exacta PDF: Subsecretario de Ciencia, Tecnología, Conocimiento e Innovación | D125: OPA | E125: Subsecretario | F125: VIP | G125: Araos Bralic, Rafael | H125: Rafael | I125: Araos | J125: Bralic | K125: Pendiente | L125: Subsecretaria de Ciencia, Tecnología, Conocimiento e Innovación | N125: =IFERROR(VALUE(B125),9999) | O125: =IF(AND(G125<>"",K125<>"NO",OR(PARAMETROS!$B$2="TODAS",F125=PARAMETROS!$B$2),OR(PARAMETROS!$B$3="SI y Pendiente",K125="SI")),"SI","NO") | P125: =IF(O125="SI",COUNTIFS($O:$O,"SI",$N:$N,"<"&N125)+COUNTIFS($O:$O,"SI",$N:$N,N125,$A:$A,"<="&A125),"") | Q125: =IF(O125="SI",IFERROR(INDEX('MAPA ASIENTOS'!$D:$D,MATCH(P125,'MAPA ASIENTOS'!$A:$A,0)),"SIN ASIGNAR"),"")
A126: =ROW()-1 | B126: 61 | C126: Coincidencia exacta PDF: Subsecretario de Defensa | D126: OPA | E126: Subsecretario | F126: VIP | G126: Álvarez Aguirre, Rodrigo | H126: Rodrigo | I126: Álvarez | J126: Aguirre | K126: SI | L126: Subsecretario de Defensa | N126: =IFERROR(VALUE(B126),9999) | O126: =IF(AND(G126<>"",K126<>"NO",OR(PARAMETROS!$B$2="TODAS",F126=PARAMETROS!$B$2),OR(PARAMETROS!$B$3="SI y Pendiente",K126="SI")),"SI","NO") | P126: =IF(O126="SI",COUNTIFS($O:$O,"SI",$N:$N,"<"&N126)+COUNTIFS($O:$O,"SI",$N:$N,N126,$A:$A,"<="&A126),"") | Q126: =IF(O126="SI",IFERROR(INDEX('MAPA ASIENTOS'!$D:$D,MATCH(P126,'MAPA ASIENTOS'!$A:$A,0)),"SIN ASIGNAR"),"")
A127: =ROW()-1 | B127: 61 | C127: Coincidencia por cargo PDF: Subsecretario de Economía y Empresas de Menor Tamaño | D127: OPA | E127: Subsecretario | F127: VIP | G127: Franz Koehler, Karl | H127: Karl | I127: Franz | J127: Koehler | K127: Pendiente | L127: Subsecretario de Economía y Empresas de Menor Tamaño | N127: =IFERROR(VALUE(B127),9999) | O127: =IF(AND(G127<>"",K127<>"NO",OR(PARAMETROS!$B$2="TODAS",F127=PARAMETROS!$B$2),OR(PARAMETROS!$B$3="SI y Pendiente",K127="SI")),"SI","NO") | P127: =IF(O127="SI",COUNTIFS($O:$O,"SI",$N:$N,"<"&N127)+COUNTIFS($O:$O,"SI",$N:$N,N127,$A:$A,"<="&A127),"") | Q127: =IF(O127="SI",IFERROR(INDEX('MAPA ASIENTOS'!$D:$D,MATCH(P127,'MAPA ASIENTOS'!$A:$A,0)),"SIN ASIGNAR"),"")
A128: =ROW()-1 | B128: 61 | C128: Coincidencia exacta PDF: Subsecretario de Hacienda | D128: OPA | E128: Subsecretario | F128: VIP | G128: Rodríguez Oyarzún, Juan Pablo | H128: Juan Pablo | I128: Rodríguez | J128: Oyarzún | K128: Pendiente | L128: Subsecretario de Hacienda | N128: =IFERROR(VALUE(B128),9999) | O128: =IF(AND(G128<>"",K128<>"NO",OR(PARAMETROS!$B$2="TODAS",F128=PARAMETROS!$B$2),OR(PARAMETROS!$B$3="SI y Pendiente",K128="SI")),"SI","NO") | P128: =IF(O128="SI",COUNTIFS($O:$O,"SI",$N:$N,"<"&N128)+COUNTIFS($O:$O,"SI",$N:$N,N128,$A:$A,"<="&A128),"") | Q128: =IF(O128="SI",IFERROR(INDEX('MAPA ASIENTOS'!$D:$D,MATCH(P128,'MAPA ASIENTOS'!$A:$A,0)),"SIN ASIGNAR"),"")
A129: =ROW()-1 | B129: 61 | C129: Coincidencia exacta PDF: Subsecretario de las Fuerzas Armadas | D129: OPA | E129: Subsecretario | F129: VIP | G129: Bolívar Romero, Christian | H129: Christian | I129: Bolívar | J129: Romero | K129: SI | L129: Subsecretario de las Fuerzas Armadas | N129: =IFERROR(VALUE(B129),9999) | O129: =IF(AND(G129<>"",K129<>"NO",OR(PARAMETROS!$B$2="TODAS",F129=PARAMETROS!$B$2),OR(PARAMETROS!$B$3="SI y Pendiente",K129="SI")),"SI","NO") | P129: =IF(O129="SI",COUNTIFS($O:$O,"SI",$N:$N,"<"&N129)+COUNTIFS($O:$O,"SI",$N:$N,N129,$A:$A,"<="&A129),"") | Q129: =IF(O129="SI",IFERROR(INDEX('MAPA ASIENTOS'!$D:$D,MATCH(P129,'MAPA ASIENTOS'!$A:$A,0)),"SIN ASIGNAR"),"")
A130: =ROW()-1 | B130: 61 | C130: Coincidencia exacta PDF: Subsecretario de Pesca y Acuicultura | D130: OPA | E130: Subsecretario | F130: VIP | G130: Urrutia Silva, Osvaldo | H130: Osvaldo | I130: Urrutia | J130: Silva | K130: NO | L130: Subsecretario de Pesca y Acuicultura | N130: =IFERROR(VALUE(B130),9999) | O130: =IF(AND(G130<>"",K130<>"NO",OR(PARAMETROS!$B$2="TODAS",F130=PARAMETROS!$B$2),OR(PARAMETROS!$B$3="SI y Pendiente",K130="SI")),"SI","NO") | P130: =IF(O130="SI",COUNTIFS($O:$O,"SI",$N:$N,"<"&N130)+COUNTIFS($O:$O,"SI",$N:$N,N130,$A:$A,"<="&A130),"") | Q130: =IF(O130="SI",IFERROR(INDEX('MAPA ASIENTOS'!$D:$D,MATCH(P130,'MAPA ASIENTOS'!$A:$A,0)),"SIN ASIGNAR"),"")
A131: =ROW()-1 | B131: 61 | C131: Coincidencia exacta PDF: Subsecretario de Relaciones Exteriores | D131: OPA | E131: Subsecretario | F131: VIP | G131: Torres Espinosa, Patricio | H131: Patricio | I131: Torres | J131: Espinosa | K131: Pendiente | L131: Subsecretario de Relaciones Exteriores | N131: =IFERROR(VALUE(B131),9999) | O131: =IF(AND(G131<>"",K131<>"NO",OR(PARAMETROS!$B$2="TODAS",F131=PARAMETROS!$B$2),OR(PARAMETROS!$B$3="SI y Pendiente",K131="SI")),"SI","NO") | P131: =IF(O131="SI",COUNTIFS($O:$O,"SI",$N:$N,"<"&N131)+COUNTIFS($O:$O,"SI",$N:$N,N131,$A:$A,"<="&A131),"") | Q131: =IF(O131="SI",IFERROR(INDEX('MAPA ASIENTOS'!$D:$D,MATCH(P131,'MAPA ASIENTOS'!$A:$A,0)),"SIN ASIGNAR"),"")
A132: =ROW()-1 | B132: 104 | C132: Categoría PDF usada como referencia: Gobernador Regional | D132: OPA | E132: Gobernador | F132: VIP | G132: Giacaman García, Sergio | H132: Sergio | I132: Giacaman | J132: García | K132: Pendiente | L132: Gobernador Región Bio Bio | N132: =IFERROR(VALUE(B132),9999) | O132: =IF(AND(G132<>"",K132<>"NO",OR(PARAMETROS!$B$2="TODAS",F132=PARAMETROS!$B$2),OR(PARAMETROS!$B$3="SI y Pendiente",K132="SI")),"SI","NO") | P132: =IF(O132="SI",COUNTIFS($O:$O,"SI",$N:$N,"<"&N132)+COUNTIFS($O:$O,"SI",$N:$N,N132,$A:$A,"<="&A132),"") | Q132: =IF(O132="SI",IFERROR(INDEX('MAPA ASIENTOS'!$D:$D,MATCH(P132,'MAPA ASIENTOS'!$A:$A,0)),"SIN ASIGNAR"),"")
A133: =ROW()-1 | B133: 104 | C133: Categoría PDF usada como referencia: Gobernador Regional | D133: OPA | E133: Gobernador | F133: VIP | G133: Flies Añon, Jorge | H133: Jorge | I133: Flies | J133: Añon | K133: Pendiente | L133: Gobernador Región de Magallanes | N133: =IFERROR(VALUE(B133),9999) | O133: =IF(AND(G133<>"",K133<>"NO",OR(PARAMETROS!$B$2="TODAS",F133=PARAMETROS!$B$2),OR(PARAMETROS!$B$3="SI y Pendiente",K133="SI")),"SI","NO") | P133: =IF(O133="SI",COUNTIFS($O:$O,"SI",$N:$N,"<"&N133)+COUNTIFS($O:$O,"SI",$N:$N,N133,$A:$A,"<="&A133),"") | Q133: =IF(O133="SI",IFERROR(INDEX('MAPA ASIENTOS'!$D:$D,MATCH(P133,'MAPA ASIENTOS'!$A:$A,0)),"SIN ASIGNAR"),"")
A134: =ROW()-1 | B134: 105 | C134: Categoría PDF usada como referencia: Delegado Presidencial Regional | D134: OPA | E134: Delegado Presidencial | F134: VIP | G134: Anativia Zamora, Julio | H134: Julio | I134: Anativia | J134: Zamora | K134: SI | L134: Delegado Presidencial Región de Bio Bio | N134: =IFERROR(VALUE(B134),9999) | O134: =IF(AND(G134<>"",K134<>"NO",OR(PARAMETROS!$B$2="TODAS",F134=PARAMETROS!$B$2),OR(PARAMETROS!$B$3="SI y Pendiente",K134="SI")),"SI","NO") | P134: =IF(O134="SI",COUNTIFS($O:$O,"SI",$N:$N,"<"&N134)+COUNTIFS($O:$O,"SI",$N:$N,N134,$A:$A,"<="&A134),"") | Q134: =IF(O134="SI",IFERROR(INDEX('MAPA ASIENTOS'!$D:$D,MATCH(P134,'MAPA ASIENTOS'!$A:$A,0)),"SIN ASIGNAR"),"")
A135: =ROW()-1 | B135: 117 | C135: Coincidencia PDF: Rector PUC | D135: OPA | E135: Rector | F135: VIP | G135: De la Llera Martin, Juan Carlos | H135: Juan Carlos | I135: De la Llera | J135: Martin | K135: Pendiente | L135: Rector Puc | N135: =IFERROR(VALUE(B135),9999) | O135: =IF(AND(G135<>"",K135<>"NO",OR(PARAMETROS!$B$2="TODAS",F135=PARAMETROS!$B$2),OR(PARAMETROS!$B$3="SI y Pendiente",K135="SI")),"SI","NO") | P135: =IF(O135="SI",COUNTIFS($O:$O,"SI",$N:$N,"<"&N135)+COUNTIFS($O:$O,"SI",$N:$N,N135,$A:$A,"<="&A135),"") | Q135: =IF(O135="SI",IFERROR(INDEX('MAPA ASIENTOS'!$D:$D,MATCH(P135,'MAPA ASIENTOS'!$A:$A,0)),"SIN ASIGNAR"),"")
A136: =ROW()-1 | B136: 134 | C136: Coincidencia exacta PDF: Vicepresidente Ejecutivo CORFO | D136: OPA | F136: VIP | G136: Mujica Castro, José Ignacio | H136: José Ignacio | I136: Mujica | J136: Castro | K136: Pendiente | L136: Vicepresidente Corfo | N136: =IFERROR(VALUE(B136),9999) | O136: =IF(AND(G136<>"",K136<>"NO",OR(PARAMETROS!$B$2="TODAS",F136=PARAMETROS!$B$2),OR(PARAMETROS!$B$3="SI y Pendiente",K136="SI")),"SI","NO") | P136: =IF(O136="SI",COUNTIFS($O:$O,"SI",$N:$N,"<"&N136)+COUNTIFS($O:$O,"SI",$N:$N,N136,$A:$A,"<="&A136),"") | Q136: =IF(O136="SI",IFERROR(INDEX('MAPA ASIENTOS'!$D:$D,MATCH(P136,'MAPA ASIENTOS'!$A:$A,0)),"SIN ASIGNAR"),"")
A137: =ROW()-1 | B137: 150 | C137: Categoría PDF: Rectores de Universidades | D137: OPA | E137: Sr. | F137: VIP | G137: Dettloff Beros, Carlos | H137: Carlos | I137: Dettloff | J137: Beros | K137: Pendiente | L137: Director de Fronteras y Límites | N137: =IFERROR(VALUE(B137),9999) | O137: =IF(AND(G137<>"",K137<>"NO",OR(PARAMETROS!$B$2="TODAS",F137=PARAMETROS!$B$2),OR(PARAMETROS!$B$3="SI y Pendiente",K137="SI")),"SI","NO") | P137: =IF(O137="SI",COUNTIFS($O:$O,"SI",$N:$N,"<"&N137)+COUNTIFS($O:$O,"SI",$N:$N,N137,$A:$A,"<="&A137),"") | Q137: =IF(O137="SI",IFERROR(INDEX('MAPA ASIENTOS'!$D:$D,MATCH(P137,'MAPA ASIENTOS'!$A:$A,0)),"SIN ASIGNAR"),"")
A138: =ROW()-1 | B138: 150 | C138: Categoría PDF: Rectores de Universidades | D138: OPA | E138: Sr. | F138: VIP | G138: López Lara, Andrés | H138: Andrés | I138: López | J138: Lara | K138: Pendiente | L138: Director Instituto Antártico Chileno | N138: =IFERROR(VALUE(B138),9999) | O138: =IF(AND(G138<>"",K138<>"NO",OR(PARAMETROS!$B$2="TODAS",F138=PARAMETROS!$B$2),OR(PARAMETROS!$B$3="SI y Pendiente",K138="SI")),"SI","NO") | P138: =IF(O138="SI",COUNTIFS($O:$O,"SI",$N:$N,"<"&N138)+COUNTIFS($O:$O,"SI",$N:$N,N138,$A:$A,"<="&A138),"") | Q138: =IF(O138="SI",IFERROR(INDEX('MAPA ASIENTOS'!$D:$D,MATCH(P138,'MAPA ASIENTOS'!$A:$A,0)),"SIN ASIGNAR"),"")
A139: =ROW()-1 | B139: 150 | C139: Categoría PDF: Rectores de Universidades | D139: OPA | E139: Sr. | F139: VIP | G139: Zapata González, Elizabeth | H139: Elizabeth | I139: Zapata | J139: González | K139: Pendiente | L139: Directora Desarrollo Tecnológico Corfo y Directora Ejecutiva Comité de Construcción Naval | N139: =IFERROR(VALUE(B139),9999) | O139: =IF(AND(G139<>"",K139<>"NO",OR(PARAMETROS!$B$2="TODAS",F139=PARAMETROS!$B$2),OR(PARAMETROS!$B$3="SI y Pendiente",K139="SI")),"SI","NO") | P139: =IF(O139="SI",COUNTIFS($O:$O,"SI",$N:$N,"<"&N139)+COUNTIFS($O:$O,"SI",$N:$N,N139,$A:$A,"<="&A139),"") | Q139: =IF(O139="SI",IFERROR(INDEX('MAPA ASIENTOS'!$D:$D,MATCH(P139,'MAPA ASIENTOS'!$A:$A,0)),"SIN ASIGNAR"),"")
A140: =ROW()-1 | B140: 150 | C140: Categoría PDF: Rectores de Universidades | D140: OPA | E140: Sr. | F140: VIP | G140: Llodrá Vial, José Ignacio | H140: José Ignacio | I140: Llodrá | J140: Vial | K140: Pendiente | L140: Subdirector de Racionalización y Función Pública | N140: =IFERROR(VALUE(B140),9999) | O140: =IF(AND(G140<>"",K140<>"NO",OR(PARAMETROS!$B$2="TODAS",F140=PARAMETROS!$B$2),OR(PARAMETROS!$B$3="SI y Pendiente",K140="SI")),"SI","NO") | P140: =IF(O140="SI",COUNTIFS($O:$O,"SI",$N:$N,"<"&N140)+COUNTIFS($O:$O,"SI",$N:$N,N140,$A:$A,"<="&A140),"") | Q140: =IF(O140="SI",IFERROR(INDEX('MAPA ASIENTOS'!$D:$D,MATCH(P140,'MAPA ASIENTOS'!$A:$A,0)),"SIN ASIGNAR"),"")
A141: =ROW()-1 | B141: 158 | C141: Categoría PDF: Jefes de Servicios Públicos / directivos; revisar equivalencia exacta | D141: OPA | F141: VIP | G141: Browne Hurtado, Santiago | H141: Santiago | I141: Browne | J141: Hurtado | K141: SI | L141: Gerente de Asuntos Estratégicos (s) de Corfo | N141: =IFERROR(VALUE(B141),9999) | O141: =IF(AND(G141<>"",K141<>"NO",OR(PARAMETROS!$B$2="TODAS",F141=PARAMETROS!$B$2),OR(PARAMETROS!$B$3="SI y Pendiente",K141="SI")),"SI","NO") | P141: =IF(O141="SI",COUNTIFS($O:$O,"SI",$N:$N,"<"&N141)+COUNTIFS($O:$O,"SI",$N:$N,N141,$A:$A,"<="&A141),"") | Q141: =IF(O141="SI",IFERROR(INDEX('MAPA ASIENTOS'!$D:$D,MATCH(P141,'MAPA ASIENTOS'!$A:$A,0)),"SIN ASIGNAR"),"")
A142: =ROW()-1 | B142: 158 | C142: Categoría PDF: Jefes de Servicios Públicos / directivos; revisar equivalencia exacta | D142: OPA | F142: VIP | G142: Hentzschel, Fernando | H142: Fernando | I142: Hentzschel | K142: Pendiente | L142: Gerente de Capacidades Tecnológicas Consejo Directivo de Construcción Naval | N142: =IFERROR(VALUE(B142),9999) | O142: =IF(AND(G142<>"",K142<>"NO",OR(PARAMETROS!$B$2="TODAS",F142=PARAMETROS!$B$2),OR(PARAMETROS!$B$3="SI y Pendiente",K142="SI")),"SI","NO") | P142: =IF(O142="SI",COUNTIFS($O:$O,"SI",$N:$N,"<"&N142)+COUNTIFS($O:$O,"SI",$N:$N,N142,$A:$A,"<="&A142),"") | Q142: =IF(O142="SI",IFERROR(INDEX('MAPA ASIENTOS'!$D:$D,MATCH(P142,'MAPA ASIENTOS'!$A:$A,0)),"SIN ASIGNAR"),"")
A143: =ROW()-1 | B143: 158 | C143: Categoría PDF: Jefes de Servicios Públicos / directivos; revisar equivalencia exacta | D143: OPA | F143: VIP | G143: Carrasco, Patricio | H143: Patricio | I143: Carrasco | J143: Alvarez | K143: NO | L143: Jefe Depto. de Investigación Desarrollo e Innovación Consejo Directivo de Construcción Naval | N143: =IFERROR(VALUE(B143),9999) | O143: =IF(AND(G143<>"",K143<>"NO",OR(PARAMETROS!$B$2="TODAS",F143=PARAMETROS!$B$2),OR(PARAMETROS!$B$3="SI y Pendiente",K143="SI")),"SI","NO") | P143: =IF(O143="SI",COUNTIFS($O:$O,"SI",$N:$N,"<"&N143)+COUNTIFS($O:$O,"SI",$N:$N,N143,$A:$A,"<="&A143),"") | Q143: =IF(O143="SI",IFERROR(INDEX('MAPA ASIENTOS'!$D:$D,MATCH(P143,'MAPA ASIENTOS'!$A:$A,0)),"SIN ASIGNAR"),"")
A144: =ROW()-1 | B144: 158 | C144: Categoría PDF: Jefes de Servicios Públicos / directivos; revisar equivalencia exacta | D144: OPA | F144: VIP | G144: Bustos, Óscar | H144: Óscar | I144: Bustos | K144: NO | L144: Jefe División de Desarrollo Tecnológico e Industria Consejo Directivo de Construcción Naval | N144: =IFERROR(VALUE(B144),9999) | O144: =IF(AND(G144<>"",K144<>"NO",OR(PARAMETROS!$B$2="TODAS",F144=PARAMETROS!$B$2),OR(PARAMETROS!$B$3="SI y Pendiente",K144="SI")),"SI","NO") | P144: =IF(O144="SI",COUNTIFS($O:$O,"SI",$N:$N,"<"&N144)+COUNTIFS($O:$O,"SI",$N:$N,N144,$A:$A,"<="&A144),"") | Q144: =IF(O144="SI",IFERROR(INDEX('MAPA ASIENTOS'!$D:$D,MATCH(P144,'MAPA ASIENTOS'!$A:$A,0)),"SIN ASIGNAR"),"")
A145: =ROW()-1 | B145: S/P | C145: Sin precedencia nacional directa; agrupado por cargo/fuente | D145: OPA | F145: VIP | G145: Von Appen, Richard | H145: Richard | I145: Von Appen | J145: Lahres | K145: Pendiente | L145: Presidente Ultramar | N145: =IFERROR(VALUE(B145),9999) | O145: =IF(AND(G145<>"",K145<>"NO",OR(PARAMETROS!$B$2="TODAS",F145=PARAMETROS!$B$2),OR(PARAMETROS!$B$3="SI y Pendiente",K145="SI")),"SI","NO") | P145: =IF(O145="SI",COUNTIFS($O:$O,"SI",$N:$N,"<"&N145)+COUNTIFS($O:$O,"SI",$N:$N,N145,$A:$A,"<="&A145),"") | Q145: =IF(O145="SI",IFERROR(INDEX('MAPA ASIENTOS'!$D:$D,MATCH(P145,'MAPA ASIENTOS'!$A:$A,0)),"SIN ASIGNAR"),"")
A146: =ROW()-1 | B146: S/P | C146: Sin precedencia nacional directa; agrupado por cargo/fuente | D146: OPA | F146: VIP | G146: Coronado, Carla | H146: Carla | I146: Coronado | K146: Pendiente | L146: Asesora Ministerio Consejo Directivo de Construcción Naval | N146: =IFERROR(VALUE(B146),9999) | O146: =IF(AND(G146<>"",K146<>"NO",OR(PARAMETROS!$B$2="TODAS",F146=PARAMETROS!$B$2),OR(PARAMETROS!$B$3="SI y Pendiente",K146="SI")),"SI","NO") | P146: =IF(O146="SI",COUNTIFS($O:$O,"SI",$N:$N,"<"&N146)+COUNTIFS($O:$O,"SI",$N:$N,N146,$A:$A,"<="&A146),"") | Q146: =IF(O146="SI",IFERROR(INDEX('MAPA ASIENTOS'!$D:$D,MATCH(P146,'MAPA ASIENTOS'!$A:$A,0)),"SIN ASIGNAR"),"")
A147: =ROW()-1 | B147: S/P | C147: Sin precedencia nacional directa; agrupado por cargo/fuente | D147: OPA | F147: VIP | G147: Fernández Ruiz, Ignacio | H147: Ignacio | I147: Fernández | J147: Ruiz | K147: Pendiente | L147: Directror General de Prochile | N147: =IFERROR(VALUE(B147),9999) | O147: =IF(AND(G147<>"",K147<>"NO",OR(PARAMETROS!$B$2="TODAS",F147=PARAMETROS!$B$2),OR(PARAMETROS!$B$3="SI y Pendiente",K147="SI")),"SI","NO") | P147: =IF(O147="SI",COUNTIFS($O:$O,"SI",$N:$N,"<"&N147)+COUNTIFS($O:$O,"SI",$N:$N,N147,$A:$A,"<="&A147),"") | Q147: =IF(O147="SI",IFERROR(INDEX('MAPA ASIENTOS'!$D:$D,MATCH(P147,'MAPA ASIENTOS'!$A:$A,0)),"SIN ASIGNAR"),"")
A148: =ROW()-1 | B148: S/P | C148: Sin precedencia nacional directa; agrupado por cargo/fuente | D148: OPA | F148: VIP | G148: Irarrázabal Alfonso, Alejandro | H148: Alejandro | I148: Irarrázabal | J148: Alfonso | K148: Pendiente | L148: Jefe Asesor Presidencial | N148: =IFERROR(VALUE(B148),9999) | O148: =IF(AND(G148<>"",K148<>"NO",OR(PARAMETROS!$B$2="TODAS",F148=PARAMETROS!$B$2),OR(PARAMETROS!$B$3="SI y Pendiente",K148="SI")),"SI","NO") | P148: =IF(O148="SI",COUNTIFS($O:$O,"SI",$N:$N,"<"&N148)+COUNTIFS($O:$O,"SI",$N:$N,N148,$A:$A,"<="&A148),"") | Q148: =IF(O148="SI",IFERROR(INDEX('MAPA ASIENTOS'!$D:$D,MATCH(P148,'MAPA ASIENTOS'!$A:$A,0)),"SIN ASIGNAR"),"")
A149: =ROW()-1 | B149: S/P | C149: Sin precedencia nacional directa; agrupado por cargo/fuente | D149: OPA | F149: VIP | G149: Ugarte Millán, Catalina | H149: Catalina | I149: Ugarte | J149: Millán | K149: Pendiente | L149: Jefe Gabinete Precidencial | N149: =IFERROR(VALUE(B149),9999) | O149: =IF(AND(G149<>"",K149<>"NO",OR(PARAMETROS!$B$2="TODAS",F149=PARAMETROS!$B$2),OR(PARAMETROS!$B$3="SI y Pendiente",K149="SI")),"SI","NO") | P149: =IF(O149="SI",COUNTIFS($O:$O,"SI",$N:$N,"<"&N149)+COUNTIFS($O:$O,"SI",$N:$N,N149,$A:$A,"<="&A149),"") | Q149: =IF(O149="SI",IFERROR(INDEX('MAPA ASIENTOS'!$D:$D,MATCH(P149,'MAPA ASIENTOS'!$A:$A,0)),"SIN ASIGNAR"),"")
A150: =ROW()-1 | B150: S/P | C150: Sin precedencia nacional directa; agrupado por cargo/fuente | D150: OPA | G150: Espinoza Martin, Rodrigo | H150: Rodrigo | I150: Espinoza | J150: Martin | K150: Pendiente | L150: Jefmayor | N150: =IFERROR(VALUE(B150),9999) | O150: =IF(AND(G150<>"",K150<>"NO",OR(PARAMETROS!$B$2="TODAS",F150=PARAMETROS!$B$2),OR(PARAMETROS!$B$3="SI y Pendiente",K150="SI")),"SI","NO") | P150: =IF(O150="SI",COUNTIFS($O:$O,"SI",$N:$N,"<"&N150)+COUNTIFS($O:$O,"SI",$N:$N,N150,$A:$A,"<="&A150),"") | Q150: =IF(O150="SI",IFERROR(INDEX('MAPA ASIENTOS'!$D:$D,MATCH(P150,'MAPA ASIENTOS'!$A:$A,0)),"SIN ASIGNAR"),"")
A151: =ROW()-1 | B151: S/P | C151: Sin precedencia nacional directa; agrupado por cargo/fuente | D151: OPA | G151: Jackson Zamora, Cyril | H151: Cyril | I151: Jackson | J151: Zamora | K151: Pendiente | L151: Jefmayor | N151: =IFERROR(VALUE(B151),9999) | O151: =IF(AND(G151<>"",K151<>"NO",OR(PARAMETROS!$B$2="TODAS",F151=PARAMETROS!$B$2),OR(PARAMETROS!$B$3="SI y Pendiente",K151="SI")),"SI","NO") | P151: =IF(O151="SI",COUNTIFS($O:$O,"SI",$N:$N,"<"&N151)+COUNTIFS($O:$O,"SI",$N:$N,N151,$A:$A,"<="&A151),"") | Q151: =IF(O151="SI",IFERROR(INDEX('MAPA ASIENTOS'!$D:$D,MATCH(P151,'MAPA ASIENTOS'!$A:$A,0)),"SIN ASIGNAR"),"")
A152: =ROW()-1 | B152: S/P | C152: Sin precedencia nacional directa; agrupado por cargo/fuente | D152: OPA | F152: VIP | G152: Larrañaga Martin, Marcela | H152: Marcela | I152: Larrañaga | J152: Martin | K152: SI | L152: Madrina | N152: =IFERROR(VALUE(B152),9999) | O152: =IF(AND(G152<>"",K152<>"NO",OR(PARAMETROS!$B$2="TODAS",F152=PARAMETROS!$B$2),OR(PARAMETROS!$B$3="SI y Pendiente",K152="SI")),"SI","NO") | P152: =IF(O152="SI",COUNTIFS($O:$O,"SI",$N:$N,"<"&N152)+COUNTIFS($O:$O,"SI",$N:$N,N152,$A:$A,"<="&A152),"") | Q152: =IF(O152="SI",IFERROR(INDEX('MAPA ASIENTOS'!$D:$D,MATCH(P152,'MAPA ASIENTOS'!$A:$A,0)),"SIN ASIGNAR"),"")
A153: =ROW()-1 | D153: OPA | E153: Vicealmirante | H153: Ramiro | I153: Navajas | J153: Santini | K153: SI | N153: =IFERROR(VALUE(B153),9999) | O153: =IF(AND(G153<>"",K153<>"NO",OR(PARAMETROS!$B$2="TODAS",F153=PARAMETROS!$B$2),OR(PARAMETROS!$B$3="SI y Pendiente",K153="SI")),"SI","NO") | P153: =IF(O153="SI",COUNTIFS($O:$O,"SI",$N:$N,"<"&N153)+COUNTIFS($O:$O,"SI",$N:$N,N153,$A:$A,"<="&A153),"") | Q153: =IF(O153="SI",IFERROR(INDEX('MAPA ASIENTOS'!$D:$D,MATCH(P153,'MAPA ASIENTOS'!$A:$A,0)),"SIN ASIGNAR"),"")
A154: =ROW()-1 | D154: OPA | F154: VIP | H154: Eduardo | I154: Ebensberger | K154: Pendiente | L154: Banco Chile | N154: =IFERROR(VALUE(B154),9999) | O154: =IF(AND(G154<>"",K154<>"NO",OR(PARAMETROS!$B$2="TODAS",F154=PARAMETROS!$B$2),OR(PARAMETROS!$B$3="SI y Pendiente",K154="SI")),"SI","NO") | P154: =IF(O154="SI",COUNTIFS($O:$O,"SI",$N:$N,"<"&N154)+COUNTIFS($O:$O,"SI",$N:$N,N154,$A:$A,"<="&A154),"") | Q154: =IF(O154="SI",IFERROR(INDEX('MAPA ASIENTOS'!$D:$D,MATCH(P154,'MAPA ASIENTOS'!$A:$A,0)),"SIN ASIGNAR"),"")
A155: =ROW()-1 | D155: OPA | F155: VIP | H155: Pablo | I155: Granifo | K155: Pendiente | L155: Banco Chile | N155: =IFERROR(VALUE(B155),9999) | O155: =IF(AND(G155<>"",K155<>"NO",OR(PARAMETROS!$B$2="TODAS",F155=PARAMETROS!$B$2),OR(PARAMETROS!$B$3="SI y Pendiente",K155="SI")),"SI","NO") | P155: =IF(O155="SI",COUNTIFS($O:$O,"SI",$N:$N,"<"&N155)+COUNTIFS($O:$O,"SI",$N:$N,N155,$A:$A,"<="&A155),"") | Q155: =IF(O155="SI",IFERROR(INDEX('MAPA ASIENTOS'!$D:$D,MATCH(P155,'MAPA ASIENTOS'!$A:$A,0)),"SIN ASIGNAR"),"")
A156: =ROW()-1 | D156: OPA | F156: VIP | H156: José Pablo | I156: Gómez | K156: Pendiente | L156: Dirección de Presupuesto | N156: =IFERROR(VALUE(B156),9999) | O156: =IF(AND(G156<>"",K156<>"NO",OR(PARAMETROS!$B$2="TODAS",F156=PARAMETROS!$B$2),OR(PARAMETROS!$B$3="SI y Pendiente",K156="SI")),"SI","NO") | P156: =IF(O156="SI",COUNTIFS($O:$O,"SI",$N:$N,"<"&N156)+COUNTIFS($O:$O,"SI",$N:$N,N156,$A:$A,"<="&A156),"") | Q156: =IF(O156="SI",IFERROR(INDEX('MAPA ASIENTOS'!$D:$D,MATCH(P156,'MAPA ASIENTOS'!$A:$A,0)),"SIN ASIGNAR"),"")
A157: =ROW()-1 | D157: OPA | F157: VIP | H157: Francisco | I157: Brancoli | K157: NO | L157: Banco Chile | N157: =IFERROR(VALUE(B157),9999) | O157: =IF(AND(G157<>"",K157<>"NO",OR(PARAMETROS!$B$2="TODAS",F157=PARAMETROS!$B$2),OR(PARAMETROS!$B$3="SI y Pendiente",K157="SI")),"SI","NO") | P157: =IF(O157="SI",COUNTIFS($O:$O,"SI",$N:$N,"<"&N157)+COUNTIFS($O:$O,"SI",$N:$N,N157,$A:$A,"<="&A157),"") | Q157: =IF(O157="SI",IFERROR(INDEX('MAPA ASIENTOS'!$D:$D,MATCH(P157,'MAPA ASIENTOS'!$A:$A,0)),"SIN ASIGNAR"),"")
A158: =ROW()-1 | D158: OPA | F158: VIP | H158: Matias | I158: Pérez | J158: Cruz | K158: Pendiente | L158: Gerenete Perezcruz | N158: =IFERROR(VALUE(B158),9999) | O158: =IF(AND(G158<>"",K158<>"NO",OR(PARAMETROS!$B$2="TODAS",F158=PARAMETROS!$B$2),OR(PARAMETROS!$B$3="SI y Pendiente",K158="SI")),"SI","NO") | P158: =IF(O158="SI",COUNTIFS($O:$O,"SI",$N:$N,"<"&N158)+COUNTIFS($O:$O,"SI",$N:$N,N158,$A:$A,"<="&A158),"") | Q158: =IF(O158="SI",IFERROR(INDEX('MAPA ASIENTOS'!$D:$D,MATCH(P158,'MAPA ASIENTOS'!$A:$A,0)),"SIN ASIGNAR"),"")
A159: =ROW()-1 | D159: OPA | F159: VIP | H159: Ignacio | I159: Yarur | K159: NO | L159: Banco BCI | N159: =IFERROR(VALUE(B159),9999) | O159: =IF(AND(G159<>"",K159<>"NO",OR(PARAMETROS!$B$2="TODAS",F159=PARAMETROS!$B$2),OR(PARAMETROS!$B$3="SI y Pendiente",K159="SI")),"SI","NO") | P159: =IF(O159="SI",COUNTIFS($O:$O,"SI",$N:$N,"<"&N159)+COUNTIFS($O:$O,"SI",$N:$N,N159,$A:$A,"<="&A159),"") | Q159: =IF(O159="SI",IFERROR(INDEX('MAPA ASIENTOS'!$D:$D,MATCH(P159,'MAPA ASIENTOS'!$A:$A,0)),"SIN ASIGNAR"),"")
A160: =ROW()-1 | D160: OPA | F160: VIP | H160: Andrés | I160: Trautmann | K160: Pendiente | L160: Banco Santander | N160: =IFERROR(VALUE(B160),9999) | O160: =IF(AND(G160<>"",K160<>"NO",OR(PARAMETROS!$B$2="TODAS",F160=PARAMETROS!$B$2),OR(PARAMETROS!$B$3="SI y Pendiente",K160="SI")),"SI","NO") | P160: =IF(O160="SI",COUNTIFS($O:$O,"SI",$N:$N,"<"&N160)+COUNTIFS($O:$O,"SI",$N:$N,N160,$A:$A,"<="&A160),"") | Q160: =IF(O160="SI",IFERROR(INDEX('MAPA ASIENTOS'!$D:$D,MATCH(P160,'MAPA ASIENTOS'!$A:$A,0)),"SIN ASIGNAR"),"")
A161: =ROW()-1 | B161: S/P | C161: Resto de fuentes / orden original del Maestro: ASMAR DIRECCIÓN | D161: OPA | F161: VIP | G161: Leiva Larrañaga, Constanza | H161: Constanza | I161: Leiva | J161: Larrañaga | K161: SI | L161: T2 Rny | M161: Madrina | N161: =IFERROR(VALUE(B161),9999) | O161: =IF(AND(G161<>"",K161<>"NO",OR(PARAMETROS!$B$2="TODAS",F161=PARAMETROS!$B$2),OR(PARAMETROS!$B$3="SI y Pendiente",K161="SI")),"SI","NO") | P161: =IF(O161="SI",COUNTIFS($O:$O,"SI",$N:$N,"<"&N161)+COUNTIFS($O:$O,"SI",$N:$N,N161,$A:$A,"<="&A161),"") | Q161: =IF(O161="SI",IFERROR(INDEX('MAPA ASIENTOS'!$D:$D,MATCH(P161,'MAPA ASIENTOS'!$A:$A,0)),"SIN ASIGNAR"),"")
A162: =ROW()-1 | B162: S/P | C162: Resto de fuentes / orden original del Maestro: ASMAR DIRECCIÓN | D162: OPA | F162: VIP | G162: Leiva Larrañaga, Marcela Paz | H162: Marcela Paz | I162: Leiva | J162: Larrañaga | K162: Pendiente | M162: Madrina | N162: =IFERROR(VALUE(B162),9999) | O162: =IF(AND(G162<>"",K162<>"NO",OR(PARAMETROS!$B$2="TODAS",F162=PARAMETROS!$B$2),OR(PARAMETROS!$B$3="SI y Pendiente",K162="SI")),"SI","NO") | P162: =IF(O162="SI",COUNTIFS($O:$O,"SI",$N:$N,"<"&N162)+COUNTIFS($O:$O,"SI",$N:$N,N162,$A:$A,"<="&A162),"") | Q162: =IF(O162="SI",IFERROR(INDEX('MAPA ASIENTOS'!$D:$D,MATCH(P162,'MAPA ASIENTOS'!$A:$A,0)),"SIN ASIGNAR"),"")
A163: =ROW()-1 | B163: 3 | C163: Resto de fuentes / orden original del Maestro: CIVILES | D163: Civiles | E163: Ministro | F163: Civiles | K163: Pendiente | L163: Ministro de la Excelentísima Corte Suprema | N163: =IFERROR(VALUE(B163),9999) | O163: =IF(AND(G163<>"",K163<>"NO",OR(PARAMETROS!$B$2="TODAS",F163=PARAMETROS!$B$2),OR(PARAMETROS!$B$3="SI y Pendiente",K163="SI")),"SI","NO") | P163: =IF(O163="SI",COUNTIFS($O:$O,"SI",$N:$N,"<"&N163)+COUNTIFS($O:$O,"SI",$N:$N,N163,$A:$A,"<="&A163),"") | Q163: =IF(O163="SI",IFERROR(INDEX('MAPA ASIENTOS'!$D:$D,MATCH(P163,'MAPA ASIENTOS'!$A:$A,0)),"SIN ASIGNAR"),"")
A164: =ROW()-1 | B164: 24 | C164: Resto de fuentes / orden original del Maestro: CIVILES | D164: Civiles | F164: Civiles | K164: Pendiente | L164: Ministra de Desarrollo Social | N164: =IFERROR(VALUE(B164),9999) | O164: =IF(AND(G164<>"",K164<>"NO",OR(PARAMETROS!$B$2="TODAS",F164=PARAMETROS!$B$2),OR(PARAMETROS!$B$3="SI y Pendiente",K164="SI")),"SI","NO") | P164: =IF(O164="SI",COUNTIFS($O:$O,"SI",$N:$N,"<"&N164)+COUNTIFS($O:$O,"SI",$N:$N,N164,$A:$A,"<="&A164),"") | Q164: =IF(O164="SI",IFERROR(INDEX('MAPA ASIENTOS'!$D:$D,MATCH(P164,'MAPA ASIENTOS'!$A:$A,0)),"SIN ASIGNAR"),"")
...

Sheet CONTROL ASISTENCIA
A1: FUENTE | F1: % RESPUESTA | H1: RESUMEN GENERAL | I1: VALOR
A2: OPA | B2: =COUNTIF(MAESTRO!$D:$D,A2) | C2: =COUNTIFS(MAESTRO!$D:$D,A2,MAESTRO!$K:$K,"SI") | D2: =COUNTIFS(MAESTRO!$D:$D,A2,MAESTRO!$K:$K,"NO") | E2: =B2-C2-D2 | F2: =IF(B2=0,0,(C2+D2)/B2) | H2: Total invitados | I2: =COUNTA(MAESTRO!$G:$G)-1
A3: Civiles | B3: =COUNTIF(MAESTRO!$D:$D,A3) | C3: =COUNTIFS(MAESTRO!$D:$D,A3,MAESTRO!$K:$K,"SI") | D3: =COUNTIFS(MAESTRO!$D:$D,A3,MAESTRO!$K:$K,"NO") | E3: =B3-C3-D3 | F3: =IF(B3=0,0,(C3+D3)/B3) | H3: Confirmados SI | I3: =COUNTIF(MAESTRO!$K:$K,"SI")
A4: Militares | B4: =COUNTIF(MAESTRO!$D:$D,A4) | C4: =COUNTIFS(MAESTRO!$D:$D,A4,MAESTRO!$K:$K,"SI") | D4: =COUNTIFS(MAESTRO!$D:$D,A4,MAESTRO!$K:$K,"NO") | E4: =B4-C4-D4 | F4: =IF(B4=0,0,(C4+D4)/B4) | H4: No asisten | I4: =COUNTIF(MAESTRO!$K:$K,"NO")
A5: ASMAR Dirección | B5: =COUNTIF(MAESTRO!$D:$D,A5) | C5: =COUNTIFS(MAESTRO!$D:$D,A5,MAESTRO!$K:$K,"SI") | D5: =COUNTIFS(MAESTRO!$D:$D,A5,MAESTRO!$K:$K,"NO") | E5: =B5-C5-D5 | F5: =IF(B5=0,0,(C5+D5)/B5) | H5: Pendientes/blanco | I5: =COUNTA(MAESTRO!$G:$G)-1-COUNTIF(MAESTRO!$K:$K,"SI")-COUNTIF(MAESTRO!$K:$K,"NO")
A6: Proveedores | B6: =COUNTIF(MAESTRO!$D:$D,A6) | C6: =COUNTIFS(MAESTRO!$D:$D,A6,MAESTRO!$K:$K,"SI") | D6: =COUNTIFS(MAESTRO!$D:$D,A6,MAESTRO!$K:$K,"NO") | E6: =B6-C6-D6 | F6: =IF(B6=0,0,(C6+D6)/B6) | H6: A distribuir | I6: =COUNTIF(MAESTRO!$O:$O,"SI")
A7: ASMARtalc | B7: =COUNTIF(MAESTRO!$D:$D,A7) | C7: =COUNTIFS(MAESTRO!$D:$D,A7,MAESTRO!$K:$K,"SI") | D7: =COUNTIFS(MAESTRO!$D:$D,A7,MAESTRO!$K:$K,"NO") | E7: =B7-C7-D7 | F7: =IF(B7=0,0,(C7+D7)/B7) | H7: Capacidad estrado | I7: =PARAMETROS!$B$8
A8: Académicos | B8: =COUNTIF(MAESTRO!$D:$D,A8) | C8: =COUNTIFS(MAESTRO!$D:$D,A8,MAESTRO!$K:$K,"SI") | D8: =COUNTIFS(MAESTRO!$D:$D,A8,MAESTRO!$K:$K,"NO") | E8: =B8-C8-D8 | F8: =IF(B8=0,0,(C8+D8)/B8) | H8: Sin asignar por capacidad | I8: =MAX(0,COUNTIF(MAESTRO!$O:$O,"SI")-PARAMETROS!$B$8)
E9: =B9-C9-D9 | F9: =IF(B9=0,0,(C9+D9)/B9)
E10: =B10-C10-D10 | F10: =IF(B10=0,0,(C10+D10)/B10)
A11: TRIBUNA | B11: TOTAL | C11: SI | D11: NO | E11: PENDIENTE/BLANCO | F11: % RESPUESTA
A12: VIP | B12: =COUNTIF(MAESTRO!$F:$F,A12) | C12: =COUNTIFS(MAESTRO!$F:$F,A12,MAESTRO!$K:$K,"SI") | D12: =COUNTIFS(MAESTRO!$F:$F,A12,MAESTRO!$K:$K,"NO") | E12: =B12-C12-D12 | F12: =IF(B12=0,0,(C12+D12)/B12)
A13: Civiles | B13: =COUNTIF(MAESTRO!$F:$F,A13) | C13: =COUNTIFS(MAESTRO!$F:$F,A13,MAESTRO!$K:$K,"SI") | D13: =COUNTIFS(MAESTRO!$F:$F,A13,MAESTRO!$K:$K,"NO") | E13: =B13-C13-D13 | F13: =IF(B13=0,0,(C13+D13)/B13)
A14: Militares | B14: =COUNTIF(MAESTRO!$F:$F,A14) | C14: =COUNTIFS(MAESTRO!$F:$F,A14,MAESTRO!$K:$K,"SI") | D14: =COUNTIFS(MAESTRO!$F:$F,A14,MAESTRO!$K:$K,"NO") | E14: =B14-C14-D14 | F14: =IF(B14=0,0,(C14+D14)/B14)
A15: ASMAR Dirección | B15: =COUNTIF(MAESTRO!$F:$F,A15) | C15: =COUNTIFS(MAESTRO!$F:$F,A15,MAESTRO!$K:$K,"SI") | D15: =COUNTIFS(MAESTRO!$F:$F,A15,MAESTRO!$K:$K,"NO") | E15: =B15-C15-D15 | F15: =IF(B15=0,0,(C15+D15)/B15)
A16: Lateral | B16: =COUNTIF(MAESTRO!$F:$F,A16) | C16: =COUNTIFS(MAESTRO!$F:$F,A16,MAESTRO!$K:$K,"SI") | D16: =COUNTIFS(MAESTRO!$F:$F,A16,MAESTRO!$K:$K,"NO") | E16: =B16-C16-D16 | F16: =IF(B16=0,0,(C16+D16)/B16)
A17: Asmartalc | B17: =COUNTIF(MAESTRO!$F:$F,A17) | C17: =COUNTIFS(MAESTRO!$F:$F,A17,MAESTRO!$K:$K,"SI") | D17: =COUNTIFS(MAESTRO!$F:$F,A17,MAESTRO!$K:$K,"NO") | E17: =B17-C17-D17 | F17: =IF(B17=0,0,(C17+D17)/B17)
A18: Académicos | B18: =COUNTIF(MAESTRO!$F:$F,A18) | C18: =COUNTIFS(MAESTRO!$F:$F,A18,MAESTRO!$K:$K,"SI") | D18: =COUNTIFS(MAESTRO!$F:$F,A18,MAESTRO!$K:$K,"NO") | E18: =B18-C18-D18 | F18: =IF(B18=0,0,(C18+D18)/B18)

Sheet PARAMETROS
A1: PARAMETROS DE DISTRIBUCION
A2: Tribuna a distribuir | B2: VIP | C2: Modificar aqui si se requiere otra tribuna o TODAS
A3: Estado a considerar | B3: SI y Pendiente | C3: SI y Pendiente = excluye NO / Solo SI = solo confirmados
A4: Centro protocolar | B4: 23 | C4: Silla central indicada por usuario
A5: Sillas por fila | B5: 39 | C5: Numeracion 1 a 39
A6: Fila D sin sillas desde | B6: 15 | C6: Bloque central no asignable
A7: Fila D sin sillas hasta | B7: 27 | C7: Bloque central no asignable
A8: Capacidad disponible | B8: 143 | C8: A, B y C completas; D incompleta
A9: Orden de llenado | B9: A completa, luego B, C y D incompleta

Sheet MAPA ASIENTOS
A1: ORDEN | B1: FILA | C1: SILLA | D1: UBICACION | E1: ESTADO
A2: 1 | B2: A | C2: 23 | D2: A23 | E2: ASIGNABLE
A3: 2 | B3: A | C3: 24 | D3: A24 | E3: ASIGNABLE
A4: 3 | B4: A | C4: 22 | D4: A22 | E4: ASIGNABLE
A5: 4 | B5: A | C5: 25 | D5: A25 | E5: ASIGNABLE
A6: 5 | B6: A | C6: 21 | D6: A21 | E6: ASIGNABLE
A7: 6 | B7: A | C7: 26 | D7: A26 | E7: ASIGNABLE
A8: 7 | B8: A | C8: 20 | D8: A20 | E8: ASIGNABLE
A9: 8 | B9: A | C9: 27 | D9: A27 | E9: ASIGNABLE
A10: 9 | B10: A | C10: 19 | D10: A19 | E10: ASIGNABLE
A11: 10 | B11: A | C11: 28 | D11: A28 | E11: ASIGNABLE
A12: 11 | B12: A | C12: 18 | D12: A18 | E12: ASIGNABLE
A13: 12 | B13: A | C13: 29 | D13: A29 | E13: ASIGNABLE
... A144: 143 | B144: D | C144: 1 | D144: D1 | E144: ASIGNABLE

Sheet ASIGNACION AUTOMATICA
A1: ORDEN | B1: FILA | C1: SILLA | D1: UBICACION | E1: NRO. | F1: PRECEDENCIA | G1: FUENTE | H1: TRATAMIENTO | I1: TRIBUNA | J1: NOMBRE COMPLETO | K1: CARGO | L1: ASISTENCIA | M1: OBSERVACIONES
A2: 1 | B2: A | C2: 23 | D2: A23 | E2: =IFERROR(INDEX(MAESTRO!$A:$A,MATCH($A2,MAESTRO!$P:$P,0)),"") | F2: =IFERROR(INDEX(MAESTRO!$B:$B,MATCH($A2,MAESTRO!$P:$P,0)),"") | G2: =IFERROR(INDEX(MAESTRO!$D:$D,MATCH($A2,MAESTRO!$P:$P,0)),"") | H2: =IFERROR(INDEX(MAESTRO!$E:$E,MATCH($A2,MAESTRO!$P:$P,0)),"") | I2: =IFERROR(INDEX(MAESTRO!$F:$F,MATCH($A2,MAESTRO!$P:$P,0)),"") | J2: =IFERROR(INDEX(MAESTRO!$G:$G,MATCH($A2,MAESTRO!$P:$P,0)),"") | K2: =IFERROR(INDEX(MAESTRO!$L:$L,MATCH($A2,MAESTRO!$P:$P,0)),"") | L2: =IFERROR(INDEX(MAESTRO!$K:$K,MATCH($A2,MAESTRO!$P:$P,0)),"") | M2: =IFERROR(INDEX(MAESTRO!$M:$M,MATCH($A2,MAESTRO!$P:$P,0)),"")
A3: 2 | B3: A | C3: 24 | D3: A24 | E3: =IFERROR(INDEX(MAESTRO!$A:$A,MATCH($A3,MAESTRO!$P:$P,0)),"") | F3: =IFERROR(INDEX(MAESTRO!$B:$B,MATCH($A3,MAESTRO!$P:$P,0)),"") | G3: =IFERROR(INDEX(MAESTRO!$D:$D,MATCH($A3,MAESTRO!$P:$P,0)),"") | H3: =IFERROR(INDEX(MAESTRO!$E:$E,MATCH($A3,MAESTRO!$P:$P,0)),"") | I3: =IFERROR(INDEX(MAESTRO!$F:$F,MATCH($A3,MAESTRO!$P:$P,0)),"") | J3: =IFERROR(INDEX(MAESTRO!$G:$G,MATCH($A3,MAESTRO!$P:$P,0)),"") | K3: =IFERROR(INDEX(MAESTRO!$L:$L,MATCH($A3,MAESTRO!$P:$P,0)),"") | L3: =IFERROR(INDEX(MAESTRO!$K:$K,MATCH($A3,MAESTRO!$P:$P,0)),"") | M3: =IFERROR(INDEX(MAESTRO!$M:$M,MATCH($A3,MAESTRO!$P:$P,0)),"")
A4: 3 | B4: A | C4: 22 | D4: A22 | E4: =IFERROR(INDEX(MAESTRO!$A:$A,MATCH($A4,MAESTRO!$P:$P,0)),"") | F4: =IFERROR(INDEX(MAESTRO!$B:$B,MATCH($A4,MAESTRO!$P:$P,0)),"") | G4: =IFERROR(INDEX(MAESTRO!$D:$D,MATCH($A4,MAESTRO!$P:$P,0)),"") | H4: =IFERROR(INDEX(MAESTRO!$E:$E,MATCH($A4,MAESTRO!$P:$P,0)),"") | I4: =IFERROR(INDEX(MAESTRO!$F:$F,MATCH($A4,MAESTRO!$P:$P,0)),"") | J4: =IFERROR(INDEX(MAESTRO!$G:$G,MATCH($A4,MAESTRO!$P:$P,0)),"") | K4: =IFERROR(INDEX(MAESTRO!$L:$L,MATCH($A4,MAESTRO!$P:$P,0)),"") | L4: =IFERROR(INDEX(MAESTRO!$K:$K,MATCH($A4,MAESTRO!$P:$P,0)),"") | M4: =IFERROR(INDEX(MAESTRO!$M:$M,MATCH($A4,MAESTRO!$P:$P,0)),"")
A5: 4 | B5: A | C5: 25 | D5: A25 | E5: =IFERROR(INDEX(MAESTRO!$A:$A,MATCH($A5,MAESTRO!$P:$P,0)),"") | F5: =IFERROR(INDEX(MAESTRO!$B:$B,MATCH($A5,MAESTRO!$P:$P,0)),"") | G5: =IFERROR(INDEX(MAESTRO!$D:$D,MATCH($A5,MAESTRO!$P:$P,0)),"") | H5: =IFERROR(INDEX(MAESTRO!$E:$E,MATCH($A5,MAESTRO!$P:$P,0)),"") | I5: =IFERROR(INDEX(MAESTRO!$F:$F,MATCH($A5,MAESTRO!$P:$P,0)),"") | J5: =IFERROR(INDEX(MAESTRO!$G:$G,MATCH($A5,MAESTRO!$P:$P,0)),"") | K5: =IFERROR(INDEX(MAESTRO!$L:$L,MATCH($A5,MAESTRO!$P:$P,0)),"") | L5: =IFERROR(INDEX(MAESTRO!$K:$K,MATCH($A5,MAESTRO!$P:$P,0)),"") | M5: =IFERROR(INDEX(MAESTRO!$M:$M,MATCH($A5,MAESTRO!$P:$P,0)),"")
A6: 5 | B6: A | C6: 21 | D6: A21 | E6: =IFERROR(INDEX(MAESTRO!$A:$A,MATCH($A6,MAESTRO!$P:$P,0)),"") | F6: =IFERROR(INDEX(MAESTRO!$B:$B,MATCH($A6,MAESTRO!$P:$P,0)),"") | G6: =IFERROR(INDEX(MAESTRO!$D:$D,MATCH($A6,MAESTRO!$P:$P,0)),"") | H6: =IFERROR(INDEX(MAESTRO!$E:$E,MATCH($A6,MAESTRO!$P:$P,0)),"") | I6: =IFERROR(INDEX(MAESTRO!$F:$F,MATCH($A6,MAESTRO!$P:$P,0)),"") | J6: =IFERROR(INDEX(MAESTRO!$G:$G,MATCH($A6,MAESTRO!$P:$P,0)),"") | K6: =IFERROR(INDEX(MAESTRO!$L:$L,MATCH($A6,MAESTRO!$P:$P,0)),"") | L6: =IFERROR(INDEX(MAESTRO!$K:$K,MATCH($A6,MAESTRO!$P:$P,0)),"") | M6: =IFERROR(INDEX(MAESTRO!$M:$M,MATCH($A6,MAESTRO!$P:$P,0)),"")
A7: 6 | B7: A | C7: 26 | D7: A26 | E7: =IFERROR(INDEX(MAESTRO!$A:$A,MATCH($A7,MAESTRO!$P:$P,0)),"") | F7: =IFERROR(INDEX(MAESTRO!$B:$B,MATCH($A7,MAESTRO!$P:$P,0)),"") | G7: =IFERROR(INDEX(MAESTRO!$D:$D,MATCH($A7,MAESTRO!$P:$P,0)),"") | H7: =IFERROR(INDEX(MAESTRO!$E:$E,MATCH($A7,MAESTRO!$P:$P,0)),"") | I7: =IFERROR(INDEX(MAESTRO!$F:$F,MATCH($A7,MAESTRO!$P:$P,0)),"") | J7: =IFERROR(INDEX(MAESTRO!$G:$G,MATCH($A7,MAESTRO!$P:$P,0)),"") | K7: =IFERROR(INDEX(MAESTRO!$L:$L,MATCH($A7,MAESTRO!$P:$P,0)),"") | L7: =IFERROR(INDEX(MAESTRO!$K:$K,MATCH($A7,MAESTRO!$P:$P,0)),"") | M7: =IFERROR(INDEX(MAESTRO!$M:$M,MATCH($A7,MAESTRO!$P:$P,0)),"")
A8: 7 | B8: A | C8: 20 | D8: A20 | E8: =IFERROR(INDEX(MAESTRO!$A:$A,MATCH($A8,MAESTRO!$P:$P,0)),"") | F8: =IFERROR(INDEX(MAESTRO!$B:$B,MATCH($A8,MAESTRO!$P:$P,0)),"") | G8: =IFERROR(INDEX(MAESTRO!$D:$D,MATCH($A8,MAESTRO!$P:$P,0)),"") | H8: =IFERROR(INDEX(MAESTRO!$E:$E,MATCH($A8,MAESTRO!$P:$P,0)),"") | I8: =IFERROR(INDEX(MAESTRO!$F:$F,MATCH($A8,MAESTRO!$P:$P,0)),"") | J8: =IFERROR(INDEX(MAESTRO!$G:$G,MATCH($A8,MAESTRO!$P:$P,0)),"") | K8: =IFERROR(INDEX(MAESTRO!$L:$L,MATCH($A8,MAESTRO!$P:$P,0)),"") | L8: =IFERROR(INDEX(MAESTRO!$K:$K,MATCH($A8,MAESTRO!$P:$P,0)),"") | M8: =IFERROR(INDEX(MAESTRO!$M:$M,MATCH($A8,MAESTRO!$P:$P,0)),"")
A9: 8 | B9: A | C9: 27 | D9: A27 | E9: =IFERROR(INDEX(MAESTRO!$A:$A,MATCH($A9,MAESTRO!$P:$P,0)),"") | F9: =IFERROR(INDEX(MAESTRO!$B:$B,MATCH($A9,MAESTRO!$P:$P,0)),"") | G9: =IFERROR(INDEX(MAESTRO!$D:$D,MATCH($A9,MAESTRO!$P:$P,0)),"") | H9: =IFERROR(INDEX(MAESTRO!$E:$E,MATCH($A9,MAESTRO!$P:$P,0)),"") | I9: =IFERROR(INDEX(MAESTRO!$F:$F,MATCH($A9,MAESTRO!$P:$P,0)),"") | J9: =IFERROR(INDEX(MAESTRO!$G:$G,MATCH($A9,MAESTRO!$P:$P,0)),"") | K9: =IFERROR(INDEX(MAESTRO!$L:$L,MATCH($A9,MAESTRO!$P:$P,0)),"") | L9: =IFERROR(INDEX(MAESTRO!$K:$K,MATCH($A9,MAESTRO!$P:$P,0)),"") | M9: =IFERROR(INDEX(MAESTRO!$M:$M,MATCH($A9,MAESTRO!$P:$P,0)),"")
A10: 9 | B10: A | C10: 19 | D10: A19 | E10: =IFERROR(INDEX(MAESTRO!$A:$A,MATCH($A10,MAESTRO!$P:$P,0)),"") | F10: =IFERROR(INDEX(MAESTRO!$B:$B,MATCH($A10,MAESTRO!$P:$P,0)),"") | G10: =IFERROR(INDEX(MAESTRO!$D:$D,MATCH($A10,MAESTRO!$P:$P,0)),"") | H10: =IFERROR(INDEX(MAESTRO!$E:$E,MATCH($A10,MAESTRO!$P:$P,0)),"") | I10: =IFERROR(INDEX(MAESTRO!$F:$F,MATCH($A10,MAESTRO!$P:$P,0)),"") | J10: =IFERROR(INDEX(MAESTRO!$G:$G,MATCH($A10,MAESTRO!$P:$P,0)),"") | K10: =IFERROR(INDEX(MAESTRO!$L:$L,MATCH($A10,MAESTRO!$P:$P,0)),"") | L10: =IFERROR(INDEX(MAESTRO!$K:$K,MATCH($A10,MAESTRO!$P:$P,0)),"") | M10: =IFERROR(INDEX(MAESTRO!$M:$M,MATCH($A10,MAESTRO!$P:$P,0)),"")
A11: 10 | B11: A | C11: 28 | D11: A28 | E11: =IFERROR(INDEX(MAESTRO!$A:$A,MATCH($A11,MAESTRO!$P:$P,0)),"") | F11: =IFERROR(INDEX(MAESTRO!$B:$B,MATCH($A11,MAESTRO!$P:$P,0)),"") | G11: =IFERROR(INDEX(MAESTRO!$D:$D,MATCH($A11,MAESTRO!$P:$P,0)),"") | H11: =IFERROR(INDEX(MAESTRO!$E:$E,MATCH($A11,MAESTRO!$P:$P,0)),"") | I11: =IFERROR(INDEX(MAESTRO!$F:$F,MATCH($A11,MAESTRO!$P:$P,0)),"") | J11: =IFERROR(INDEX(MAESTRO!$G:$G,MATCH($A11,MAESTRO!$P:$P,0)),"") | K11: =IFERROR(INDEX(MAESTRO!$L:$L,MATCH($A11,MAESTRO!$P:$P,0)),"") | L11: =IFERROR(INDEX(MAESTRO!$K:$K,MATCH($A11,MAESTRO!$P:$P,0)),"") | M11: =IFERROR(INDEX(MAESTRO!$M:$M,MATCH($A11,MAESTRO!$P:$P,0)),"")
A12: 11 | B12: A | C12: 18 | D12: A18 | E12: =IFERROR(INDEX(MAESTRO!$A:$A,MATCH($A12,MAESTRO!$P:$P,0)),"") | F12: =IFERROR(INDEX(MAESTRO!$B:$B,MATCH($A12,MAESTRO!$P:$P,0)),"") | G12: =IFERROR(INDEX(MAESTRO!$D:$D,MATCH($A12,MAESTRO!$P:$P,0)),"") | H12: =IFERROR(INDEX(MAESTRO!$E:$E,MATCH($A12,MAESTRO!$P:$P,0)),"") | I12: =IFERROR(INDEX(MAESTRO!$F:$F,MATCH($A12,MAESTRO!$P:$P,0)),"") | J12: =IFERROR(INDEX(MAESTRO!$G:$G,MATCH($A12,MAESTRO!$P:$P,0)),"") | K12: =IFERROR(INDEX(MAESTRO!$L:$L,MATCH($A12,MAESTRO!$P:$P,0)),"") | L12: =IFERROR(INDEX(MAESTRO!$K:$K,MATCH($A12,MAESTRO!$P:$P,0)),"") | M12: =IFERROR(INDEX(MAESTRO!$M:$M,MATCH($A12,MAESTRO!$P:$P,0)),"")
A13: 12 | B13: A | C13: 29 | D13: A29 | E13: =IFERROR(INDEX(MAESTRO!$A:$A,MATCH($A13,MAESTRO!$P:$P,0)),"") | F13: =IFERROR(INDEX(MAESTRO!$B:$B,MATCH($A13,MAESTRO!$P:$P,0)),"") | G13: =IFERROR(INDEX(MAESTRO!$D:$D,MATCH($A13,MAESTRO!$P:$P,0)),"") | H13: =IFERROR(INDEX(MAESTRO!$E:$E,MATCH($A13,MAESTRO!$P:$P,0)),"") | I13: =IFERROR(INDEX(MAESTRO!$F:$F,MATCH($A13,MAESTRO!$P:$P,0)),"") | J13: =IFERROR(INDEX(MAESTRO!$G:$G,MATCH($A13,MAESTRO!$P:$P,0)),"") | K13: =IFERROR(INDEX(MAESTRO!$L:$L,MATCH($A13,MAESTRO!$P:$P,0)),"") | L13: =IFERROR(INDEX(MAESTRO!$K:$K,MATCH($A13,MAESTRO!$P:$P,0)),"") | M13: =IFERROR(INDEX(MAESTRO!$M:$M,MATCH($A13,MAESTRO!$P:$P,0)),"")
... A144: 143 | B144: D | C144: 1 | D144: D1 | E144: =IFERROR(INDEX(MAESTRO!$A:$A,MATCH($A144,MAESTRO!$P:$P,0)),"") | F144: =IFERROR(INDEX(MAESTRO!$B:$B,MATCH($A144,MAESTRO!$P:$P,0)),"") | G144: =IFERROR(INDEX(MAESTRO!$D:$D,MATCH($A144,MAESTRO!$P:$P,0)),"") | H144: =IFERROR(INDEX(MAESTRO!$E:$E,MATCH($A144,MAESTRO!$P:$P,0)),"") | I144: =IFERROR(INDEX(MAESTRO!$F:$F,MATCH($A144,MAESTRO!$P:$P,0)),"") | J144: =IFERROR(INDEX(MAESTRO!$G:$G,MATCH($A144,MAESTRO!$P:$P,0)),"") | K144: =IFERROR(INDEX(MAESTRO!$L:$L,MATCH($A144,MAESTRO!$P:$P,0)),"") | L144: =IFERROR(INDEX(MAESTRO!$K:$K,MATCH($A144,MAESTRO!$P:$P,0)),"") | M144: =IFERROR(INDEX(MAESTRO!$M:$M,MATCH($A144,MAESTRO!$P:$P,0)),"")

Sheet PLANO AUTOMATICO
A1: PLANO AUTOMATICO - ESTRADO PRINCIPAL
A2: Silla | B2: 1 | C2: 2 | D2: 3 | E2: 4 | F2: 5 | G2: 6 | H2: 7 | I2: 8 | J2: 9 | K2: 10 | L2: 11 | M2: 12 | N2: 13 | O2: 14 | P2: 15 | Q2: 16 | R2: 17 | S2: 18 | T2: 19 | U2: 20 | V2: 21 | W2: 22 | X2: 23 | Y2: 24 | Z2: 25 | AA2: 26 | AB2: 27 | AC2: 28 | AD2: 29 | AE2: 30 | AF2: 31 | AG2: 32 | AH2: 33 | AI2: 34 | AJ2: 35 | AK2: 36 | AL2: 37 | AM2: 38 | AN2: 39
A3: A | B3: =IF(AND($A3="D",B$2>=PARAMETROS!$B$6,B$2<=PARAMETROS!$B$7),"SIN SILLA",IFERROR(INDEX(MAESTRO!$G:$G,MATCH($A3&B$2,MAESTRO!$Q:$Q,0))&CHAR(10)&INDEX(MAESTRO!$L:$L,MATCH($A3&B$2,MAESTRO!$Q:$Q,0)),"")) | C3: =IF(AND($A3="D",C$2>=PARAMETROS!$B$6,C$2<=PARAMETROS!$B$7),"SIN SILLA",IFERROR(INDEX(MAESTRO!$G:$G,MATCH($A3&C$2,MAESTRO!$Q:$Q,0))&CHAR(10)&INDEX(MAESTRO!$L:$L,MATCH($A3&C$2,MAESTRO!$Q:$Q,0)),"")) | D3: =IF(AND($A3="D",D$2>=PARAMETROS!$B$6,D$2<=PARAMETROS!$B$7),"SIN SILLA",IFERROR(INDEX(MAESTRO!$G:$G,MATCH($A3&D$2,MAESTRO!$Q:$Q,0))&CHAR(10)&INDEX(MAESTRO!$L:$L,MATCH($A3&D$2,MAESTRO!$Q:$Q,0)),"")) | E3: =IF(AND($A3="D",E$2>=PARAMETROS!$B$6,E$2<=PARAMETROS!$B$7),"SIN SILLA",IFERROR(INDEX(MAESTRO!$G:$G,MATCH($A3&E$2,MAESTRO!$Q:$Q,0))&CHAR(10)&INDEX(MAESTRO!$L:$L,MATCH($A3&E$2,MAESTRO!$Q:$Q,0)),"")) | F3: =IF(AND($A3="D",F$2>=PARAMETROS!$B$6,F$2<=PARAMETROS!$B$7),"SIN SILLA",IFERROR(INDEX(MAESTRO!$G:$G,MATCH($A3&F$2,MAESTRO!$Q:$Q,0))&CHAR(10)&INDEX(MAESTRO!$L:$L,MATCH($A3&F$2,MAESTRO!$Q:$Q,0)),"")) | G3: =IF(AND($A3="D",G$2>=PARAMETROS!$B$6,G$2<=PARAMETROS!$B$7),"SIN SILLA",IFERROR(INDEX(MAESTRO!$G:$G,MATCH($A3&G$2,MAESTRO!$Q:$Q,0))&CHAR(10)&INDEX(MAESTRO!$L:$L,MATCH($A3&G$2,MAESTRO!$Q:$Q,0)),"")) | H3: =IF(AND($A3="D",H$2>=PARAMETROS!$B$6,H$2<=PARAMETROS!$B$7),"SIN SILLA",IFERROR(INDEX(MAESTRO!$G:$G,MATCH($A3&H$2,MAESTRO!$Q:$Q,0))&CHAR(10)&INDEX(MAESTRO!$L:$L,MATCH($A3&H$2,MAESTRO!$Q:$Q,0)),"")) | I3: =IF(AND($A3="D",I$2>=PARAMETROS!$B$6,I$2<=PARAMETROS!$B$7),"SIN SILLA",IFERROR(INDEX(MAESTRO!$G:$G,MATCH($A3&I$2,MAESTRO!$Q:$Q,0))&CHAR(10)&INDEX(MAESTRO!$L:$L,MATCH($A3&I$2,MAESTRO!$Q:$Q,0)),"")) | ... AN3: =IF(AND($A3="D",AN$2>=PARAMETROS!$B$6,AN$2<=PARAMETROS!$B$7),"SIN SILLA",IFERROR(INDEX(MAESTRO!$G:$G,MATCH($A3&AN$2,MAESTRO!$Q:$Q,0))&CHAR(10)&INDEX(MAESTRO!$L:$L,MATCH($A3&AN$2,MAESTRO!$Q:$Q,0)),""))
A4: B | B4: =IF(AND($A4="D",B$2>=PARAMETROS!$B$6,B$2<=PARAMETROS!$B$7),"SIN SILLA",IFERROR(INDEX(MAESTRO!$G:$G,MATCH($A4&B$2,MAESTRO!$Q:$Q,0))&CHAR(10)&INDEX(MAESTRO!$L:$L,MATCH($A4&B$2,MAESTRO!$Q:$Q,0)),"")) | C4: =IF(AND($A4="D",C$2>=PARAMETROS!$B$6,C$2<=PARAMETROS!$B$7),"SIN SILLA",IFERROR(INDEX(MAESTRO!$G:$G,MATCH($A4&C$2,MAESTRO!$Q:$Q,0))&CHAR(10)&INDEX(MAESTRO!$L:$L,MATCH($A4&C$2,MAESTRO!$Q:$Q,0)),"")) | D4: =IF(AND($A4="D",D$2>=PARAMETROS!$B$6,D$2<=PARAMETROS!$B$7),"SIN SILLA",IFERROR(INDEX(MAESTRO!$G:$G,MATCH($A4&D$2,MAESTRO!$Q:$Q,0))&CHAR(10)&INDEX(MAESTRO!$L:$L,MATCH($A4&D$2,MAESTRO!$Q:$Q,0)),"")) | E4: =IF(AND($A4="D",E$2>=PARAMETROS!$B$6,E$2<=PARAMETROS!$B$7),"SIN SILLA",IFERROR(INDEX(MAESTRO!$G:$G,MATCH($A4&E$2,MAESTRO!$Q:$Q,0))&CHAR(10)&INDEX(MAESTRO!$L:$L,MATCH($A4&E$2,MAESTRO!$Q:$Q,0)),"")) | F4: =IF(AND($A4="D",F$2>=PARAMETROS!$B$6,F$2<=PARAMETROS!$B$7),"SIN SILLA",IFERROR(INDEX(MAESTRO!$G:$G,MATCH($A4&F$2,MAESTRO!$Q:$Q,0))&CHAR(10)&INDEX(MAESTRO!$L:$L,MATCH($A4&F$2,MAESTRO!$Q:$Q,0)),"")) | G4: =IF(AND($A4="D",G$2>=PARAMETROS!$B$6,G$2<=PARAMETROS!$B$7),"SIN SILLA",IFERROR(INDEX(MAESTRO!$G:$G,MATCH($A4&G$2,MAESTRO!$Q:$Q,0))&CHAR(10)&INDEX(MAESTRO!$L:$L,MATCH($A4&G$2,MAESTRO!$Q:$Q,0)),"")) | H4: =IF(AND($A4="D",H$2>=PARAMETROS!$B$6,H$2<=PARAMETROS!$B$7),"SIN SILLA",IFERROR(INDEX(MAESTRO!$G:$G,MATCH($A4&H$2,MAESTRO!$Q:$Q,0))&CHAR(10)&INDEX(MAESTRO!$L:$L,MATCH($A4&H$2,MAESTRO!$Q:$Q,0)),"")) | I4: =IF(AND($A4="D",I$2>=PARAMETROS!$B$6,I$2<=PARAMETROS!$B$7),"SIN SILLA",IFERROR(INDEX(MAESTRO!$G:$G,MATCH($A4&I$2,MAESTRO!$Q:$Q,0))&CHAR(10)&INDEX(MAESTRO!$L:$L,MATCH($A4&I$2,MAESTRO!$Q:$Q,0)),"")) | ... AN4: =IF(AND($A4="D",AN$2>=PARAMETROS!$B$6,AN$2<=PARAMETROS!$B$7),"SIN SILLA",IFERROR(INDEX(MAESTRO!$G:$G,MATCH($A4&AN$2,MAESTRO!$Q:$Q,0))&CHAR(10)&INDEX(MAESTRO!$L:$L,MATCH($A4&AN$2,MAESTRO!$Q:$Q,0)),""))
A5: C | B5: =IF(AND($A5="D",B$2>=PARAMETROS!$B$6,B$2<=PARAMETROS!$B$7),"SIN SILLA",IFERROR(INDEX(MAESTRO!$G:$G,MATCH($A5&B$2,MAESTRO!$Q:$Q,0))&CHAR(10)&INDEX(MAESTRO!$L:$L,MATCH($A5&B$2,MAESTRO!$Q:$Q,0)),"")) | C5: =IF(AND($A5="D",C$2>=PARAMETROS!$B$6,C$2<=PARAMETROS!$B$7),"SIN SILLA",IFERROR(INDEX(MAESTRO!$G:$G,MATCH($A5&C$2,MAESTRO!$Q:$Q,0))&CHAR(10)&INDEX(MAESTRO!$L:$L,MATCH($A5&C$2,MAESTRO!$Q:$Q,0)),"")) | D5: =IF(AND($A5="D",D$2>=PARAMETROS!$B$6,D$2<=PARAMETROS!$B$7),"SIN SILLA",IFERROR(INDEX(MAESTRO!$G:$G,MATCH($A5&D$2,MAESTRO!$Q:$Q,0))&CHAR(10)&INDEX(MAESTRO!$L:$L,MATCH($A5&D$2,MAESTRO!$Q:$Q,0)),"")) | E5: =IF(AND($A5="D",E$2>=PARAMETROS!$B$6,E$2<=PARAMETROS!$B$7),"SIN SILLA",IFERROR(INDEX(MAESTRO!$G:$G,MATCH($A5&E$2,MAESTRO!$Q:$Q,0))&CHAR(10)&INDEX(MAESTRO!$L:$L,MATCH($A5&E$2,MAESTRO!$Q:$Q,0)),"")) | F5: =IF(AND($A5="D",F$2>=PARAMETROS!$B$6,F$2<=PARAMETROS!$B$7),"SIN SILLA",IFERROR(INDEX(MAESTRO!$G:$G,MATCH($A5&F$2,MAESTRO!$Q:$Q,0))&CHAR(10)&INDEX(MAESTRO!$L:$L,MATCH($A5&F$2,MAESTRO!$Q:$Q,0)),"")) | G5: =IF(AND($A5="D",G$2>=PARAMETROS!$B$6,G$2<=PARAMETROS!$B$7),"SIN SILLA",IFERROR(INDEX(MAESTRO!$G:$G,MATCH($A5&G$2,MAESTRO!$Q:$Q,0))&CHAR(10)&INDEX(MAESTRO!$L:$L,MATCH($A5&G$2,MAESTRO!$Q:$Q,0)),"")) | H5: =IF(AND($A5="D",H$2>=PARAMETROS!$B$6,H$2<=PARAMETROS!$B$7),"SIN SILLA",IFERROR(INDEX(MAESTRO!$G:$G,MATCH($A5&H$2,MAESTRO!$Q:$Q,0))&CHAR(10)&INDEX(MAESTRO!$L:$L,MATCH($A5&H$2,MAESTRO!$Q:$Q,0)),"")) | I5: =IF(AND($A5="D",I$2>=PARAMETROS!$B$6,I$2<=PARAMETROS!$B$7),"SIN SILLA",IFERROR(INDEX(MAESTRO!$G:$G,MATCH($A5&I$2,MAESTRO!$Q:$Q,0))&CHAR(10)&INDEX(MAESTRO!$L:$L,MATCH($A5&I$2,MAESTRO!$Q:$Q,0)),"")) | ... AN5: =IF(AND($A5="D",AN$2>=PARAMETROS!$B$6,AN$2<=PARAMETROS!$B$7),"SIN SILLA",IFERROR(INDEX(MAESTRO!$G:$G,MATCH($A5&AN$2,MAESTRO!$Q:$Q,0))&CHAR(10)&INDEX(MAESTRO!$L:$L,MATCH($A5&AN$2,MAESTRO!$Q:$Q,0)),""))
A6: D | B6: =IF(AND($A6="D",B$2>=PARAMETROS!$B$6,B$2<=PARAMETROS!$B$7),"SIN SILLA",IFERROR(INDEX(MAESTRO!$G:$G,MATCH($A6&B$2,MAESTRO!$Q:$Q,0))&CHAR(10)&INDEX(MAESTRO!$L:$L,MATCH($A6&B$2,MAESTRO!$Q:$Q,0)),"")) | C6: =IF(AND($A6="D",C$2>=PARAMETROS!$B$6,C$2<=PARAMETROS!$B$7),"SIN SILLA",IFERROR(INDEX(MAESTRO!$G:$G,MATCH($A6&C$2,MAESTRO!$Q:$Q,0))&CHAR(10)&INDEX(MAESTRO!$L:$L,MATCH($A6&C$2,MAESTRO!$Q:$Q,0)),"")) | D6: =IF(AND($A6="D",D$2>=PARAMETROS!$B$6,D$2<=PARAMETROS!$B$7),"SIN SILLA",IFERROR(INDEX(MAESTRO!$G:$G,MATCH($A6&D$2,MAESTRO!$Q:$Q,0))&CHAR(10)&INDEX(MAESTRO!$L:$L,MATCH($A6&D$2,MAESTRO!$Q:$Q,0)),"")) | E6: =IF(AND($A6="D",E$2>=PARAMETROS!$B$6,E$2<=PARAMETROS!$B$7),"SIN SILLA",IFERROR(INDEX(MAESTRO!$G:$G,MATCH($A6&E$2,MAESTRO!$Q:$Q,0))&CHAR(10)&INDEX(MAESTRO!$L:$L,MATCH($A6&E$2,MAESTRO!$Q:$Q,0)),"")) | F6: =IF(AND($A6="D",F$2>=PARAMETROS!$B$6,F$2<=PARAMETROS!$B$7),"SIN SILLA",IFERROR(INDEX(MAESTRO!$G:$G,MATCH($A6&F$2,MAESTRO!$Q:$Q,0))&CHAR(10)&INDEX(MAESTRO!$L:$L,MATCH($A6&F$2,MAESTRO!$Q:$Q,0)),"")) | G6: =IF(AND($A6="D",G$2>=PARAMETROS!$B$6,G$2<=PARAMETROS!$B$7),"SIN SILLA",IFERROR(INDEX(MAESTRO!$G:$G,MATCH($A6&G$2,MAESTRO!$Q:$Q,0))&CHAR(10)&INDEX(MAESTRO!$L:$L,MATCH($A6&G$2,MAESTRO!$Q:$Q,0)),"")) | H6: =IF(AND($A6="D",H$2>=PARAMETROS!$B$6,H$2<=PARAMETROS!$B$7),"SIN SILLA",IFERROR(INDEX(MAESTRO!$G:$G,MATCH($A6&H$2,MAESTRO!$Q:$Q,0))&CHAR(10)&INDEX(MAESTRO!$L:$L,MATCH($A6&H$2,MAESTRO!$Q:$Q,0)),"")) | I6: =IF(AND($A6="D",I$2>=PARAMETROS!$B$6,I$2<=PARAMETROS!$B$7),"SIN SILLA",IFERROR(INDEX(MAESTRO!$G:$G,MATCH($A6&I$2,MAESTRO!$Q:$Q,0))&CHAR(10)&INDEX(MAESTRO!$L:$L,MATCH($A6&I$2,MAESTRO!$Q:$Q,0)),"")) | ... AN6: =IF(AND($A6="D",AN$2>=PARAMETROS!$B$6,AN$2<=PARAMETROS!$B$7),"SIN SILLA",IFERROR(INDEX(MAESTRO!$G:$G,MATCH($A6&AN$2,MAESTRO!$Q:$Q,0))&CHAR(10)&INDEX(MAESTRO!$L:$L,MATCH($A6&AN$2,MAESTRO!$Q:$Q,0)),""))
A8: RESUMEN
A9: Tribuna distribuida | B9: =PARAMETROS!$B$2
A10: Estado considerado | B10: =PARAMETROS!$B$3
A11: Capacidad | B11: =PARAMETROS!$B$8
A12: A distribuir | B12: =COUNTIF(MAESTRO!$O:$O,"SI")
A13: Asignados | B13: =MIN(COUNTIF(MAESTRO!$O:$O,"SI"),PARAMETROS!$B$8)
A14: Sin asignar | B14: =MAX(0,COUNTIF(MAESTRO!$O:$O,"SI")-PARAMETROS!$B$8)

Sheet SIN ASIGNAR
A1: ORDEN AUTOM. | B1: NRO. | C1: PRECEDENCIA | D1: FUENTE | E1: TRIBUNA | F1: NOMBRE COMPLETO | G1: CARGO | H1: ASISTENCIA | I1: OBSERVACIONES
A2: =IF(COUNTIF(MAESTRO!$P:$P,PARAMETROS!$B$8+ROW(A1))>0,PARAMETROS!$B$8+ROW(A1),"") | B2: =IF($A2="","",IFERROR(INDEX(MAESTRO!$A:$A,MATCH($A2,MAESTRO!$P:$P,0)),"")) | C2: =IF($A2="","",IFERROR(INDEX(MAESTRO!$B:$B,MATCH($A2,MAESTRO!$P:$P,0)),"")) | D2: =IF($A2="","",IFERROR(INDEX(MAESTRO!$D:$D,MATCH($A2,MAESTRO!$P:$P,0)),"")) | E2: =IF($A2="","",IFERROR(INDEX(MAESTRO!$F:$F,MATCH($A2,MAESTRO!$P:$P,0)),"")) | F2: =IF($A2="","",IFERROR(INDEX(MAESTRO!$G:$G,MATCH($A2,MAESTRO!$P:$P,0)),"")) | G2: =IF($A2="","",IFERROR(INDEX(MAESTRO!$L:$L,MATCH($A2,MAESTRO!$P:$P,0)),"")) | H2: =IF($A2="","",IFERROR(INDEX(MAESTRO!$K:$K,MATCH($A2,MAESTRO!$P:$P,0)),"")) | I2: =IF($A2="","",IFERROR(INDEX(MAESTRO!$M:$M,MATCH($A2,MAESTRO!$P:$P,0)),""))
A3: =IF(COUNTIF(MAESTRO!$P:$P,PARAMETROS!$B$8+ROW(A2))>0,PARAMETROS!$B$8+ROW(A2),"") | B3: =IF($A3="","",IFERROR(INDEX(MAESTRO!$A:$A,MATCH($A3,MAESTRO!$P:$P,0)),"")) | C3: =IF($A3="","",IFERROR(INDEX(MAESTRO!$B:$B,MATCH($A3,MAESTRO!$P:$P,0)),"")) | D3: =IF($A3="","",IFERROR(INDEX(MAESTRO!$D:$D,MATCH($A3,MAESTRO!$P:$P,0)),"")) | E3: =IF($A3="","",IFERROR(INDEX(MAESTRO!$F:$F,MATCH($A3,MAESTRO!$P:$P,0)),"")) | F3: =IF($A3="","",IFERROR(INDEX(MAESTRO!$G:$G,MATCH($A3,MAESTRO!$P:$P,0)),"")) | G3: =IF($A3="","",IFERROR(INDEX(MAESTRO!$L:$L,MATCH($A3,MAESTRO!$P:$P,0)),"")) | H3: =IF($A3="","",IFERROR(INDEX(MAESTRO!$K:$K,MATCH($A3,MAESTRO!$P:$P,0)),"")) | I3: =IF($A3="","",IFERROR(INDEX(MAESTRO!$M:$M,MATCH($A3,MAESTRO!$P:$P,0)),""))
A4: =IF(COUNTIF(MAESTRO!$P:$P,PARAMETROS!$B$8+ROW(A3))>0,PARAMETROS!$B$8+ROW(A3),"") | B4: =IF($A4="","",IFERROR(INDEX(MAESTRO!$A:$A,MATCH($A4,MAESTRO!$P:$P,0)),"")) | C4: =IF($A4="","",IFERROR(INDEX(MAESTRO!$B:$B,MATCH($A4,MAESTRO!$P:$P,0)),"")) | D4: =IF($A4="","",IFERROR(INDEX(MAESTRO!$D:$D,MATCH($A4,MAESTRO!$P:$P,0)),"")) | E4: =IF($A4="","",IFERROR(INDEX(MAESTRO!$F:$F,MATCH($A4,MAESTRO!$P:$P,0)),"")) | F4: =IF($A4="","",IFERROR(INDEX(MAESTRO!$G:$G,MATCH($A4,MAESTRO!$P:$P,0)),"")) | G4: =IF($A4="","",IFERROR(INDEX(MAESTRO!$L:$L,MATCH($A4,MAESTRO!$P:$P,0)),"")) | H4: =IF($A4="","",IFERROR(INDEX(MAESTRO!$K:$K,MATCH($A4,MAESTRO!$P:$P,0)),"")) | I4: =IF($A4="","",IFERROR(INDEX(MAESTRO!$M:$M,MATCH($A4,MAESTRO!$P:$P,0)),""))
A5: =IF(COUNTIF(MAESTRO!$P:$P,PARAMETROS!$B$8+ROW(A4))>0,PARAMETROS!$B$8+ROW(A4),"") | B5: =IF($A5="","",IFERROR(INDEX(MAESTRO!$A:$A,MATCH($A5,MAESTRO!$P:$P,0)),"")) | C5: =IF($A5="","",IFERROR(INDEX(MAESTRO!$B:$B,MATCH($A5,MAESTRO!$P:$P,0)),"")) | D5: =IF($A5="","",IFERROR(INDEX(MAESTRO!$D:$D,MATCH($A5,MAESTRO!$P:$P,0)),"")) | E5: =IF($A5="","",IFERROR(INDEX(MAESTRO!$F:$F,MATCH($A5,MAESTRO!$P:$P,0)),"")) | F5: =IF($A5="","",IFERROR(INDEX(MAESTRO!$G:$G,MATCH($A5,MAESTRO!$P:$P,0)),"")) | G5: =IF($A5="","",IFERROR(INDEX(MAESTRO!$L:$L,MATCH($A5,MAESTRO!$P:$P,0)),"")) | H5: =IF($A5="","",IFERROR(INDEX(MAESTRO!$K:$K,MATCH($A5,MAESTRO!$P:$P,0)),"")) | I5: =IF($A5="","",IFERROR(INDEX(MAESTRO!$M:$M,MATCH($A5,MAESTRO!$P:$P,0)),""))
A6: =IF(COUNTIF(MAESTRO!$P:$P,PARAMETROS!$B$8+ROW(A5))>0,PARAMETROS!$B$8+ROW(A5),"") | B6: =IF($A6="","",IFERROR(INDEX(MAESTRO!$A:$A,MATCH($A6,MAESTRO!$P:$P,0)),"")) | C6: =IF($A6="","",IFERROR(INDEX(MAESTRO!$B:$B,MATCH($A6,MAESTRO!$P:$P,0)),"")) | D6: =IF($A6="","",IFERROR(INDEX(MAESTRO!$D:$D,MATCH($A6,MAESTRO!$P:$P,0)),"")) | E6: =IF($A6="","",IFERROR(INDEX(MAESTRO!$F:$F,MATCH($A6,MAESTRO!$P:$P,0)),"")) | F6: =IF($A6="","",IFERROR(INDEX(MAESTRO!$G:$G,MATCH($A6,MAESTRO!$P:$P,0)),"")) | G6: =IF($A6="","",IFERROR(INDEX(MAESTRO!$L:$L,MATCH($A6,MAESTRO!$P:$P,0)),"")) | H6: =IF($A6="","",IFERROR(INDEX(MAESTRO!$K:$K,MATCH($A6,MAESTRO!$P:$P,0)),"")) | I6: =IF($A6="","",IFERROR(INDEX(MAESTRO!$M:$M,MATCH($A6,MAESTRO!$P:$P,0)),""))
A7: =IF(COUNTIF(MAESTRO!$P:$P,PARAMETROS!$B$8+ROW(A6))>0,PARAMETROS!$B$8+ROW(A6),"") | B7: =IF($A7="","",IFERROR(INDEX(MAESTRO!$A:$A,MATCH($A7,MAESTRO!$P:$P,0)),"")) | C7: =IF($A7="","",IFERROR(INDEX(MAESTRO!$B:$B,MATCH($A7,MAESTRO!$P:$P,0)),"")) | D7: =IF($A7="","",IFERROR(INDEX(MAESTRO!$D:$D,MATCH($A7,MAESTRO!$P:$P,0)),"")) | E7: =IF($A7="","",IFERROR(INDEX(MAESTRO!$F:$F,MATCH($A7,MAESTRO!$P:$P,0)),"")) | F7: =IF($A7="","",IFERROR(INDEX(MAESTRO!$G:$G,MATCH($A7,MAESTRO!$P:$P,0)),"")) | G7: =IF($A7="","",IFERROR(INDEX(MAESTRO!$L:$L,MATCH($A7,MAESTRO!$P:$P,0)),"")) | H7: =IF($A7="","",IFERROR(INDEX(MAESTRO!$K:$K,MATCH($A7,MAESTRO!$P:$P,0)),"")) | I7: =IF($A7="","",IFERROR(INDEX(MAESTRO!$M:$M,MATCH($A7,MAESTRO!$P:$P,0)),""))
A8: =IF(COUNTIF(MAESTRO!$P:$P,PARAMETROS!$B$8+ROW(A7))>0,PARAMETROS!$B$8+ROW(A7),"") | B8: =IF($A8="","",IFERROR(INDEX(MAESTRO!$A:$A,MATCH($A8,MAESTRO!$P:$P,0)),"")) | C8: =IF($A8="","",IFERROR(INDEX(MAESTRO!$B:$B,MATCH($A8,MAESTRO!$P:$P,0)),"")) | D8: =IF($A8="","",IFERROR(INDEX(MAESTRO!$D:$D,MATCH($A8,MAESTRO!$P:$P,0)),"")) | E8: =IF($A8="","",IFERROR(INDEX(MAESTRO!$F:$F,MATCH($A8,MAESTRO!$P:$P,0)),"")) | F8: =IF($A8="","",IFERROR(INDEX(MAESTRO!$G:$G,MATCH($A8,MAESTRO!$P:$P,0)),"")) | G8: =IF($A8="","",IFERROR(INDEX(MAESTRO!$L:$L,MATCH($A8,MAESTRO!$P:$P,0)),"")) | H8: =IF($A8="","",IFERROR(INDEX(MAESTRO!$K:$K,MATCH($A8,MAESTRO!$P:$P,0)),"")) | I8: =IF($A8="","",IFERROR(INDEX(MAESTRO!$M:$M,MATCH($A8,MAESTRO!$P:$P,0)),""))
A9: =IF(COUNTIF(MAESTRO!$P:$P,PARAMETROS!$B$8+ROW(A8))>0,PARAMETROS!$B$8+ROW(A8),"") | B9: =IF($A9="","",IFERROR(INDEX(MAESTRO!$A:$A,MATCH($A9,MAESTRO!$P:$P,0)),"")) | C9: =IF($A9="","",IFERROR(INDEX(MAESTRO!$B:$B,MATCH($A9,MAESTRO!$P:$P,0)),"")) | D9: =IF($A9="","",IFERROR(INDEX(MAESTRO!$D:$D,MATCH($A9,MAESTRO!$P:$P,0)),"")) | E9: =IF($A9="","",IFERROR(INDEX(MAESTRO!$F:$F,MATCH($A9,MAESTRO!$P:$P,0)),"")) | F9: =IF($A9="","",IFERROR(INDEX(MAESTRO!$G:$G,MATCH($A9,MAESTRO!$P:$P,0)),"")) | G9: =IF($A9="","",IFERROR(INDEX(MAESTRO!$L:$L,MATCH($A9,MAESTRO!$P:$P,0)),"")) | H9: =IF($A9="","",IFERROR(INDEX(MAESTRO!$K:$K,MATCH($A9,MAESTRO!$P:$P,0)),"")) | I9: =IF($A9="","",IFERROR(INDEX(MAESTRO!$M:$M,MATCH($A9,MAESTRO!$P:$P,0)),""))
A10: =IF(COUNTIF(MAESTRO!$P:$P,PARAMETROS!$B$8+ROW(A9))>0,PARAMETROS!$B$8+ROW(A9),"") | B10: =IF($A10="","",IFERROR(INDEX(MAESTRO!$A:$A,MATCH($A10,MAESTRO!$P:$P,0)),"")) | C10: =IF($A10="","",IFERROR(INDEX(MAESTRO!$B:$B,MATCH($A10,MAESTRO!$P:$P,0)),"")) | D10: =IF($A10="","",IFERROR(INDEX(MAESTRO!$D:$D,MATCH($A10,MAESTRO!$P:$P,0)),"")) | E10: =IF($A10="","",IFERROR(INDEX(MAESTRO!$F:$F,MATCH($A10,MAESTRO!$P:$P,0)),"")) | F10: =IF($A10="","",IFERROR(INDEX(MAESTRO!$G:$G,MATCH($A10,MAESTRO!$P:$P,0)),"")) | G10: =IF($A10="","",IFERROR(INDEX(MAESTRO!$L:$L,MATCH($A10,MAESTRO!$P:$P,0)),"")) | H10: =IF($A10="","",IFERROR(INDEX(MAESTRO!$K:$K,MATCH($A10,MAESTRO!$P:$P,0)),"")) | I10: =IF($A10="","",IFERROR(INDEX(MAESTRO!$M:$M,MATCH($A10,MAESTRO!$P:$P,0)),""))
A11: =IF(COUNTIF(MAESTRO!$P:$P,PARAMETROS!$B$8+ROW(A10))>0,PARAMETROS!$B$8+ROW(A10),"") | B11: =IF($A11="","",IFERROR(INDEX(MAESTRO!$A:$A,MATCH($A11,MAESTRO!$P:$P,0)),"")) | C11: =IF($A11="","",IFERROR(INDEX(MAESTRO!$B:$B,MATCH($A11,MAESTRO!$P:$P,0)),"")) | D11: =IF($A11="","",IFERROR(INDEX(MAESTRO!$D:$D,MATCH($A11,MAESTRO!$P:$P,0)),"")) | E11: =IF($A11="","",IFERROR(INDEX(MAESTRO!$F:$F,MATCH($A11,MAESTRO!$P:$P,0)),"")) | F11: =IF($A11="","",IFERROR(INDEX(MAESTRO!$G:$G,MATCH($A11,MAESTRO!$P:$P,0)),"")) | G11: =IF($A11="","",IFERROR(INDEX(MAESTRO!$L:$L,MATCH($A11,MAESTRO!$P:$P,0)),"")) | H11: =IF($A11="","",IFERROR(INDEX(MAESTRO!$K:$K,MATCH($A11,MAESTRO!$P:$P,0)),"")) | I11: =IF($A11="","",IFERROR(INDEX(MAESTRO!$M:$M,MATCH($A11,MAESTRO!$P:$P,0)),""))
A12: =IF(COUNTIF(MAESTRO!$P:$P,PARAMETROS!$B$8+ROW(A11))>0,PARAMETROS!$B$8+ROW(A11),"") | B12: =IF($A12="","",IFERROR(INDEX(MAESTRO!$A:$A,MATCH($A12,MAESTRO!$P:$P,0)),"")) | C12: =IF($A12="","",IFERROR(INDEX(MAESTRO!$B:$B,MATCH($A12,MAESTRO!$P:$P,0)),"")) | D12: =IF($A12="","",IFERROR(INDEX(MAESTRO!$D:$D,MATCH($A12,MAESTRO!$P:$P,0)),"")) | E12: =IF($A12="","",IFERROR(INDEX(MAESTRO!$F:$F,MATCH($A12,MAESTRO!$P:$P,0)),"")) | F12: =IF($A12="","",IFERROR(INDEX(MAESTRO!$G:$G,MATCH($A12,MAESTRO!$P:$P,0)),"")) | G12: =IF($A12="","",IFERROR(INDEX(MAESTRO!$L:$L,MATCH($A12,MAESTRO!$P:$P,0)),"")) | H12: =IF($A12="","",IFERROR(INDEX(MAESTRO!$K:$K,MATCH($A12,MAESTRO!$P:$P,0)),"")) | I12: =IF($A12="","",IFERROR(INDEX(MAESTRO!$M:$M,MATCH($A12,MAESTRO!$P:$P,0)),""))
A13: =IF(COUNTIF(MAESTRO!$P:$P,PARAMETROS!$B$8+ROW(A12))>0,PARAMETROS!$B$8+ROW(A12),"") | B13: =IF($A13="","",IFERROR(INDEX(MAESTRO!$A:$A,MATCH($A13,MAESTRO!$P:$P,0)),"")) | C13: =IF($A13="","",IFERROR(INDEX(MAESTRO!$B:$B,MATCH($A13,MAESTRO!$P:$P,0)),"")) | D13: =IF($A13="","",IFERROR(INDEX(MAESTRO!$D:$D,MATCH($A13,MAESTRO!$P:$P,0)),"")) | E13: =IF($A13="","",IFERROR(INDEX(MAESTRO!$F:$F,MATCH($A13,MAESTRO!$P:$P,0)),"")) | F13: =IF($A13="","",IFERROR(INDEX(MAESTRO!$G:$G,MATCH($A13,MAESTRO!$P:$P,0)),"")) | G13: =IF($A13="","",IFERROR(INDEX(MAESTRO!$L:$L,MATCH($A13,MAESTRO!$P:$P,0)),"")) | H13: =IF($A13="","",IFERROR(INDEX(MAESTRO!$K:$K,MATCH($A13,MAESTRO!$P:$P,0)),"")) | I13: =IF($A13="","",IFERROR(INDEX(MAESTRO!$M:$M,MATCH($A13,MAESTRO!$P:$P,0)),""))
... A201: =IF(COUNTIF(MAESTRO!$P:$P,PARAMETROS!$B$8+ROW(A200))>0,PARAMETROS!$B$8+ROW(A200),"") | B201: =IF($A201="","",IFERROR(INDEX(MAESTRO!$A:$A,MATCH($A201,MAESTRO!$P:$P,0)),"")) | C201: =IF($A201="","",IFERROR(INDEX(MAESTRO!$B:$B,MATCH($A201,MAESTRO!$P:$P,0)),"")) | D201: =IF($A201="","",IFERROR(INDEX(MAESTRO!$D:$D,MATCH($A201,MAESTRO!$P:$P,0)),"")) | E201: =IF($A201="","",IFERROR(INDEX(MAESTRO!$F:$F,MATCH($A201,MAESTRO!$P:$P,0)),"")) | F201: =IF($A201="","",IFERROR(INDEX(MAESTRO!$G:$G,MATCH($A201,MAESTRO!$P:$P,0)),"")) | G201: =IF($A201="","",IFERROR(INDEX(MAESTRO!$L:$L,MATCH($A201,MAESTRO!$P:$P,0)),"")) | H201: =IF($A201="","",IFERROR(INDEX(MAESTRO!$K:$K,MATCH($A201,MAESTRO!$P:$P,0)),"")) | I201: =IF($A201="","",IFERROR(INDEX(MAESTRO!$M:$M,MATCH($A201,MAESTRO!$P:$P,0)),""))

Sheet INSTRUCCIONES
A1: ARCHIVO AUTOMATIZADO - DISTRIBUCION PROTOCOLAR
A3: 1. PESTAÑA QUE SE DEBE MODIFICAR
A4: Modificar solamente la pestaña MAESTRO. Al cambiar PRECEDENCIA, TRIBUNA, ASISTENCIA, NOMBRE o CARGO, el resto de las hojas se actualiza automaticamente al recalcular el libro.
A6: 2. CAMPOS PRINCIPALES EN MAESTRO
A7: ASISTENCIA: usar SI, NO o Pendiente. Los NO quedan excluidos de la distribucion.
A8: PRECEDENCIA: define el orden protocolar. En igualdad de precedencia, se ordena por NRO.
A9: TRIBUNA: permite filtrar que grupo se distribuye en el estrado.
A11: 3. PARAMETROS
A12: En PARAMETROS se puede cambiar la tribuna a distribuir. Por defecto esta en VIP.
A13: Tambien se puede seleccionar si se considera SI y Pendiente, o solo SI confirmados.
A15: 4. LOGICA DE UBICACION
A16: Centro protocolar: silla 23. Orden de asignacion: 23, 24, 22, 25, 21, etc.
... A25: Modificar principalmente la hoja MAESTRO: ASISTENCIA, PRECEDENCIA, TRIBUNA, NOMBRE y CARGO. El resto se ajusta por formulas.
